 Dungeon Crawl Stone Soup version 0.29.0-4-gdea44cf6ec (webtiles) character file.

Game seed: 158576981884229

164502 qw the Brawler (level 17, -1/162 HPs)
             Began as a Troll Cinder Acolyte on Sept 1, 2022.
             Was a High Priest of Okawaru.
             Slain by a salamander
             ... wielding a +0 halberd
              (22 damage)
             ... on level 3 of the Snake Pit.
             The game lasted 00:15:51 (26199 turns).

qw the Brawler (Troll Cinder Acolyte)              Turns: 26199, Time: 00:15:52

Health: -1/162     AC: 40    Str: 31 (32) XL:     17   Next: 26%
Magic:  23/23      EV:  3    Int: 15      God:    Okawaru [*****.]
Gold:   95         SH: 17    Dex:  9      Spells: 18/18 levels left

rFire   + + .      SeeInvis +     - Unarmed
rCold   + . .      Faith    .   o - +4 kite shield of Gluttony {SInv}
rNeg    . . .      Spirit   .   b - +7 gold dragon scales "Ucibuty" {rElec rPois rF+ rC+ Int+5 Dex+4}
rPois   +          Reflect  .   s - +2 hat
rElec   +          Harm     .   l - +2 cloak
rCorr   .          Rampage  .   (gloves unavailable)
Will    +....                   (boots unavailable)
Stlth   ..........              (no amulet)
HPRegen 1.17/turn               h - +4 ring of protection
MPRegen 0.18/turn               A - +4 ring of slaying {mikee}

@: lethally poisoned (-1 -> -1), about to teleport, heroic, slowed, constricted,
very slow
A: large, unfitting armour, claws 3, regeneration 1, shaggy fur 1, tough skin 1,
iridescent scales 1, deterioration 1, fire resistance 1
a: Renounce Religion, Heroism, Finesse, Duel


You were on level 3 of the Snake Pit.
You worshipped Okawaru.
Okawaru was extremely pleased with you.
You visited 5 branches of the dungeon, and saw 28 of its levels.
You visited the Abyss 2 times.

You collected 2539 gold pieces.
You spent 2444 gold pieces at shops.


Innate Abilities, Weirdness & Mutations

You are too large for most types of armour.
You have claws for hands.
Your natural rate of healing is unusually fast.
You are covered in fur. (AC +1)
You have tough skin. (AC +1)
You are partially covered in iridescent scales. (AC +2)
Your body sometimes deteriorates upon taking damage.
Your flesh is heat resistant. (rF+)


   Skills:
 - Level 9.0(14.0) Fighting
 - Level 9.0(14.0) Throwing
 - Level 9.0(14.0) Armour
 - Level 3.4(8.4) Dodging
 - Level 13.0(18.0) Shields
 + Level 20.0(25.0) Unarmed Combat
 - Level 1.0 Spellcasting
 - Level 2.1 Fire Magic
 - Level 10.0 Invocations


You had 18 spell levels left.
You didn't know any spells.
Your spell library contained the following spells:

 Spells                   Type           Power      Damage    Failure   Level
 Scorch                   Fire           14%        2d5       98%         2

Inventory:

Missiles
 c - 4 silver boomerangs
 i - 10 javelins
 u - 13 boomerangs
 v - 24 large rocks (quivered)
 x - a silver javelin
Armour
 b - the +7 gold dragon scales "Ucibuty" (worn) {rElec rPois rF+ rC+ Int+5 Dex+4}
   (You acquired it on level 2 of the Lair of Beasts)

   Int:       It affects your intelligence (+5).
   Dex:       It affects your dexterity (+4).
   rF:        It protects you from fire.
   rC:        It protects you from cold.
   rElec:     It insulates you from electricity.
   rPois:     It protects you from poison.
 e - a scarf of resistance
 l - a +2 cloak (worn)
 o - the +4 kite shield of Gluttony (worn) {SInv}
   (Okawaru gifted it to you on level 5 of the Lair of Beasts)

   SInv:      It lets you see invisible.
 s - a +2 hat (worn)
Jewellery
 h - a +4 ring of protection (left claw)
 q - the ring of Democracy {Fly rF+ rN+}
   (You found it on level 5 of the Lair of Beasts)

   [ring of flight]

   rF:        It protects you from fire.
   rN:        It protects you from negative energy.
   Fly:       It grants you flight.
 r - a ring of poison resistance
 A - a +4 ring of slaying (right claw) {mikee}
 C - an amulet of the acrobat
Wands
 y - a wand of digging (4)
Scrolls
 a - 12 scrolls of identify
 f - a scroll of enchant armour
 n - 4 scrolls of enchant weapon
 p - 4 scrolls of brand weapon
 B - 4 scrolls of teleportation
Potions
 d - 12 potions of mutation
 g - 4 potions of resistance
 j - 18 potions of curing
 k - a potion of cancellation
 m - 5 potions of heal wounds
 t - 3 potions of might
 w - a potion of magic
 z - 5 potions of haste

Dungeon Overview and Level Annotations

Branches:
Dungeon (15/15)            Temple (0/1) D:7            Lair (5/5) D:11
 Shoals (3/4) Lair:3        Snake (3/4) Lair:2        Slime (0/5) Lair:5
    Orc (2/2) D:9             Elf (0/3) Orc:2        Vaults (0/5) D:14
 Depths (0/4) D:15

Altars:
Ashenzari
Cheibriados
Gozag
Kikubaaqudgha
Makhleb
Nemelex Xobeh
Okawaru
Ru
Uskayaw
Vehumet
Xom
Yredelemnul
The Shining One
Lugonu

Shops:
D:4 [   Orc:1 ?   Orc:2 ??!!   Shoals:2 !   Snake:3 =

Portals:
Abyss: Lair:5

Annotations:
D:3 3 runed translucent doors, qw's ghost, amateur TrCA
D:7 3 runed translucent doors, qw's ghost, amateur TrCA; qw's ghost, novice TeWr; qw's ghost, novice TrCA
D:12 3 runed translucent doors, Shukka's ghost, journeyman MiBe
Shoals:3 2 transporters, Meoqees's ghost, adept MiFi


Message History

The naga hits you with a +0 glaive!!
Your body deteriorates!
You feel weakened. The naga constricts you.
The naga warrior hits you from afar with a +0 glaive.
You eviscerate the naga!!!
You kill the naga!
Okawaru accepts your kill.
You feel sick.
You block the guardian serpent's attack.
You block the salamander's attack. The naga barely misses you. x2
The naga warrior spits poison at you. You block the splash of poison.
The naga warrior hits you but does no damage.
You mangle the salamander!!
The salamander is almost dead.
You feel sick.
The guardian serpent casts a spell at you.
The naga blinks!
You block the salamander's attack. You block the naga's attack.
The naga grabs you. The naga constricts you.
The naga warrior hits you with a +0 long sword!!!
The guardian serpent hits you but does no damage.
You eviscerate the naga!!!
You kill the naga!
Okawaru accepts your kill.
You feel sick. You block the naga's attack. The naga grabs you.
The naga constricts you. You block the naga warrior's attack.
The guardian serpent hits you but does no damage.
The salamander hits you with a +0 halberd!
You are engulfed in flames.
You resist.
The naga warrior hits you with a +0 long sword!
The naga barely misses you. The naga constricts you.
26199 ||| READING 5 scrolls of teleportation.
As you read the scroll of teleportation, it crumbles to dust.
You feel strangely unstable.
You feel sick.
You block the guardian serpent's attack.
The naga warrior hits you but does no damage.
You block the naga's attack.
The salamander hits you with a +0 halberd!!
You die...

........##...)..(.......
........##..............
.......).'..}.}.........
........##...\..........
........##..}.}.........
........####..##........
........####'####.......
......)N##.....##.......
......N@##.....##.......
......NS##.....##.......
......NN##.....##.......
.......N#########.......
......... #.......
......... ####.###
.......... ..........
...........


You could see 3 naga warriors, a salamander (strong), a guardian serpent and 2
nagas.

Vanquished Creatures
  Vashnia (Snake:2)
  A bone dragon (Abyss:2)
  Kirke (Snake:2)
  A tentacled starspawn (Abyss:2)
  Agnes (Snake:2)
  2 nagarajas
  Ilsuiw (Shoals:2)
  A deep elf elementalist (Abyss:2)
  A cacodemon (Abyss:2)
  Aizul (Snake:1)
  A stone giant (D:15)
  A starcursed mass (Abyss:2)
  Nessos (Lair:5)
  Azrael (Snake:2)
  Snorg (D:12)
  A merfolk impaler (Shoals:3)
  An ettin (D:14)
  Josephine (Shoals:1)
  8 hydras
  A salamander tyrant (Snake:2)
  A rakshasa (D:14)
  4 centaur warriors
  A catoblepas (D:15)
  4 anacondas
  A boulder beetle (D:12)
  6 merfolk aquamancers
  4 ogre magi (Orc:2)
  18 two-headed ogres
  2 merfolk avatars
  5 naga warriors
  6 death yaks (Lair:4)
  4 thrashing horrors (Lair:5)
  An orc high priest (Orc:2)
  2 tengu warriors (D:15)
  8 naga sharpshooters
  Sonja (Lair:2)
  6 shock serpents
  3 slime creatures
  Urug (Orc:1)
  2 salamander mystics
  A shadow wraith (D:14)
  2 wretched stars (Abyss:2)
  2 sixfirhies (Abyss:2)
  14 sea snakes
  5 naga ritualists
  A wizard (D:15)
  4 harpies (Shoals:2)
  A deep elf pyromancer (D:15)
  3 salamanders
  2 orc sorcerers (Orc:1)
  5 cyclopes
  4 mana vipers
  5 manticores
  5 ugly things
  2 worldbinders (Abyss:2)
  A faun (shapeshifter) (D:14)
  12 fauns
  A black mamba (shapeshifter) (Lair:5)
  4 merfolk sirens
  6 naga magi
  2 water nymphs
  11 elephants
  Maurice (D:9)
  28 black mambas
  A gargoyle (D:14)
  A guardian serpent (Snake:2)
  11 cane toads
  A rime drake (shapeshifter) (Lair:5)
  6 torpor snails
  2 smoke demons (Lair:5)
  An unseen horror (D:15)
  8 komodo dragons
  An efreet (D:14)
  3 ancient zymes
  3 kobold demonologists
  A queen bee (shapeshifter) (D:13)
  4 trolls
  A hornet (D:8)
  6 wind drakes
  13 merfolk
  11 blink frogs
  Prince Ribbit (D:9)
  6 dream sheep
  6 large abominations
  2 jumping spiders (shapeshifter) (D:13)
  A snapping turtle (Shoals:3)
  2 centaur simulacra (D:14)
  56 yaks
  5 wraiths
  A spriggan (Lair:5)
  A wyvern (Lair:3)
  A shadow (D:11)
  A ynoxinul (Lair:5)
  22 fire elementals
  A vampire (D:12)
  4 water elementals
  3 hogs (Snake:2)
  3 humans
  Eustachio (D:6)
  5 basilisks
  2 chaos spawn (Lair:5)
  13 vampire mosquitoes
  2 steam dragons
  2 wargs
  21 nagas
  An acid dragon (D:10)
  14 water moccasins
  3 hell hounds (Snake:2)
  7 orc warriors
  Duvessa (D:7)
  5 black bears
  4 sky beasts
  26 ogres
  7 wolves
  10 centaurs
  A phantom (D:5)
  3 kobold brigands
  12 bullfrogs
  A necrophage (D:5)
  11 wights
  Dowan (D:7)
  11 small abominations (Lair:5)
  17 killer bees
  5 electric eels
  9 orc priests
  8 hounds
  A gnoll bouda (Orc:1)
  8 iguanas
  11 orc wizards
  13 gnolls
  7 adders
  A shadow imp (D:7)
  2 white imps
  An ufetubus (D:6)
  A worm (D:10)
  A dart slug (D:1)
  38 orcs
  7 endoplasms
  A giant cockroach (D:2)
  3 hobgoblins
  6 jackals
  20 kobolds
  8 quokkas
  5 ball pythons
  4 bats
  2 frilled lizards (D:2)
  7 goblins
  5 rats
775 creatures vanquished.

Vanquished Creatures (others)
  14 fungi
  50 plants
  2 starspawn tentacles (Abyss:2)
66 creatures vanquished.

Grand Total: 841 creatures vanquished

Notes
Turn   | Place    | Note
-------+----------+-------------------------------------------
     0 | D:1      | qw the Troll Cinder Acolyte began the quest for the Orb.
     0 | D:1      | Reached XP level 1. HP: 22/22 MP: 1/1
     0 | D:1      | 0 ||| qw: Version: 0.1-a-97-g2dd2ca4
     0 | D:1      | 0 ||| qw: Game counter: 4783
     0 | D:1      | 0 ||| qw: Always use a shield: true
     0 | D:1      | 0 ||| qw: God list: Okawaru
     0 | D:1      | 0 ||| qw: Allow faded altars: false
     0 | D:1      | 0 ||| qw: Do Orc after D:15 true
     0 | D:1      | 0 ||| qw: Do second Lair branch before Depths: true
     0 | D:1      | 0 ||| qw: Lair rune preference: random
     0 | D:1      | 0 ||| qw: Plans: Normal
     0 | D:1      | 0 ||| PLANNING D:1-11
   151 | D:1      | 151 ||| Stepping ~*~*~tactically~*~*~ (stealth).
   153 | D:1      | 153 ||| Stepping ~*~*~tactically~*~*~ (stealth).
   179 | D:1      | Reached XP level 2. HP: 29/29 MP: 2/2
   191 | D:1      | 191 ||| Stepping ~*~*~tactically~*~*~ (hiding).
   212 | D:1      | Found a faded altar of an unknown god.
   420 | D:1      | 420 ||| Stepping ~*~*~tactically~*~*~ (hiding).
   429 | D:1      | Reached skill level 4 in Unarmed Combat
   546 | D:1      | 546 ||| Stepping ~*~*~tactically~*~*~ (stealth).
   547 | D:1      | 547 ||| Stepping ~*~*~tactically~*~*~ (stealth).
   870 | D:1      | Reached XP level 3. HP: 36/36 MP: 3/3
  1051 | D:1      | 1051 ||| DROPPING orb of wrath.
  1052 | D:1      | 1052 ||| READING scroll labelled PIELAO FOYC.
  1053 | D:1      | 1053 ||| READING scroll labelled BUOBUORCHOSMI.
  1058 | D:1      | 1058 ||| DRINKING 2 viscous coppery potions.
  1059 | D:1      | 1059 ||| DROPPING potion of attraction.
  1145 | D:2      | 1145 ||| Stepping ~*~*~tactically~*~*~ (stealth).
  1485 | D:2      | 1485 ||| Stepping ~*~*~tactically~*~*~ (stealth).
  1486 | D:2      | 1486 ||| Stepping ~*~*~tactically~*~*~ (stealth).
  1487 | D:2      | 1487 ||| Stepping ~*~*~tactically~*~*~ (stealth).
  1492 | D:2      | 1492 ||| Stepping ~*~*~tactically~*~*~ (stealth).
  1495 | D:2      | 1495 ||| Stepping ~*~*~tactically~*~*~ (stealth).
  1653 | D:2      | Reached skill level 5 in Unarmed Combat
  1653 | D:2      | Reached XP level 4. HP: 41/44 MP: 4/4
  1747 | D:2      | 1747 ||| Stepping ~*~*~tactically~*~*~ (stealth).
  1752 | D:2      | 1752 ||| Stepping ~*~*~tactically~*~*~ (stealth).
  1971 | D:2      | 1971 ||| DROPPING amulet of magic regeneration.
  1972 | D:2      | 1972 ||| READING scroll labelled ROFABB ZAODY.
  1973 | D:2      | 1973 ||| READING scroll labelled JUCENWEHAE.
  1974 | D:2      | 1974 ||| READING scroll labelled WUKHLY WEDEZUMO.
  1975 | D:2      | 1975 ||| DRINKING 2 blue potions.
  2076 | D:2      | 2076 ||| DROPPING potion of ambrosia.
  2221 | D:3      | Found a runed translucent gate.
  2221 | D:3      | Found a runed translucent gate.
  2222 | D:3      | Found a runed translucent gate.
  2225 | D:3      | Noticed qw's ghost (amateur TrCA)
  2293 | D:3      | You fall into a shaft and drop 3 floors!
  2300 | D:6      | Found a sacrificial altar of Ru.
  2304 | D:6      | Noticed an ogre
  2313 | D:6      | 2313 ||| INVOKING Fiery Armour.
  2317 | D:6      | Killed an ogre
  2318 | D:6      | Reached skill level 6 in Unarmed Combat
  2318 | D:6      | Reached XP level 5. HP: 20/50 MP: 5/5
  2355 | D:6      | Noticed a sky beast
  2365 | D:6      | Killed a sky beast
  2366 | D:6      | Reached XP level 6. HP: 55/59 MP: 6/6
  2375 | D:6      | 2375 ||| Stepping ~*~*~tactically~*~*~ (hiding).
  2497 | D:6      | 2497 ||| READING scroll labelled GOAPHA QILAGA.
  2514 | D:6      | Reached skill level 7 in Unarmed Combat
  2532 | D:5      | Entered Level 5 of the Dungeon
  2820 | D:3      | Found a radiant altar of Vehumet.
  2968 | D:3      | 2968 ||| READING scroll labelled RAL WIUB VICK.
  2969 | D:3      | 2969 ||| READING scroll labelled AHY KAIGOFF.
  2969 | D:3      | Identified a scroll of acquirement
  2969 | D:3      | 2969 ||| ACQUIRING +6 ring of dexterity
  2969 | D:3      | Acquired a +6 ring of dexterity
  2971 | D:3      | 2971 ||| UPGRADING to +6 ring of dexterity.
  3110 | D:4      | Found a shimmering altar of Xom.
  3133 | D:4      | Reached skill level 1 in Dodging
  3182 | D:4      | Found a basalt altar of Yredelemnul.
  3338 | D:4      | 3338 ||| Stepping ~*~*~tactically~*~*~ (stealth).
  3403 | D:4      | Reached skill level 8 in Unarmed Combat
  3403 | D:4      | Reached XP level 7. HP: 58/66 MP: 7/7
  3428 | D:4      | Found Noefigogh's Antique Armour Boutique.
  3443 | D:4      | 3443 ||| BUYING runed robe (99 gold).
  3443 | D:4      | Bought a runed robe for 99 gold pieces
  3487 | D:4      | Found a glowing golden altar of the Shining One.
  3636 | D:4      | 3636 ||| UPGRADING to +1 robe of willpower.
  3646 | D:4      | 3646 ||| DROPPING +0 robe.
  3647 | D:4      | 3647 ||| READING scroll labelled ZAINIU HOPP.
  3827 | D:5      | Reached skill level 3 in Fighting
  3838 | D:5      | 3838 ||| INVOKING Fiery Armour.
  3843 | D:5      | 3843 ||| Stepping ~*~*~tactically~*~*~ (outnumbered).
  4000 | D:5      | Reached skill level 9 in Unarmed Combat
  4099 | D:5      | 4099 ||| READING scroll labelled PIALLUWETI.
  4100 | D:5      | 4100 ||| READING scroll labelled TAXAIV GYR.
  4132 | D:5      | 4132 ||| DRINKING 3 murky pink potions.
  4132 | D:5      | Gained mutation: Your body sometimes deteriorates upon
                  | taking damage. [potion of mutation]
  4132 | D:5      | Gained mutation: Your flesh is heat resistant. (rF+)
                  | [potion of mutation]
  4132 | D:5      | Gained mutation: You are partially covered in iridescent
                  | scales. (AC +2) [potion of mutation]
  4168 | D:6      | Reached skill level 1 in Throwing
  4169 | D:6      | 4169 ||| FLEEEEING.
  4177 | D:6      | 4177 ||| STAIRDANCE
  4184 | D:5      | 4184 ||| READING 2 scrolls of identify.
  4184 | D:5      | 4184 ||| IDENTIFYING sedimented cyan potion
  4185 | D:5      | 4185 ||| DROPPING potion of lignification.
  4191 | D:6      | 4191 ||| Stepping ~*~*~tactically~*~*~ (stealth).
  4201 | D:6      | Reached XP level 8. HP: 75/75 MP: 8/8
  4233 | D:6      | 4233 ||| Stepping ~*~*~tactically~*~*~ (stealth).
  4332 | D:6      | Reached skill level 10 in Unarmed Combat
  4348 | D:6      | 4348 ||| Stepping ~*~*~tactically~*~*~ (hiding).
  4349 | D:6      | 4349 ||| Stepping ~*~*~tactically~*~*~ (hiding).
  4350 | D:6      | 4350 ||| Stepping ~*~*~tactically~*~*~ (hiding).
  4389 | D:6      | 4389 ||| Stepping ~*~*~tactically~*~*~ (outnumbered).
  4390 | D:6      | 4390 ||| Stepping ~*~*~tactically~*~*~ (outnumbered).
  4391 | D:6      | 4391 ||| Stepping ~*~*~tactically~*~*~ (outnumbered).
  4430 | D:6      | Noticed Eustachio
  4431 | D:6      | 4431 ||| INVOKING Fiery Armour.
  4432 | D:6      | 4432 ||| Stepping ~*~*~tactically~*~*~ (stealth).
  4445 | D:6      | Killed Eustachio
  4678 | D:6      | 4678 ||| READING scroll labelled WUERIRIZEA.
  4679 | D:6      | 4679 ||| READING scroll labelled UNTOPL JORUIBB.
  4680 | D:6      | 4680 ||| READING 3 scrolls of identify.
  4680 | D:6      | 4680 ||| IDENTIFYING cyan potion
  4681 | D:6      | 4681 ||| READING 2 scrolls of identify.
  4681 | D:6      | 4681 ||| IDENTIFYING coppery potion
  4682 | D:6      | 4682 ||| DROPPING potion of degeneration.
  4683 | D:6      | 4683 ||| DROPPING potion of flight.
  4746 | D:7      | Found an opulent altar of Gozag.
  4757 | D:7      | 4757 ||| Stepping ~*~*~tactically~*~*~ (stealth).
  4758 | D:7      | 4758 ||| Stepping ~*~*~tactically~*~*~ (stealth).
  4805 | D:7      | Found a runed translucent gate.
  4805 | D:7      | Found a runed translucent gate.
  4805 | D:7      | Found a runed translucent gate.
  4809 | D:7      | Noticed qw's ghost (novice TeWr)
  4809 | D:7      | Noticed qw's ghost (novice TeWr)
  4810 | D:7      | Noticed qw's ghost (amateur TrCA)
  4810 | D:7      | Noticed qw's ghost (novice TrCA)
  4810 | D:7      | Noticed qw's ghost (novice TrCA)
  4820 | D:7      | 4820 ||| Stepping ~*~*~tactically~*~*~ (hiding).
  4829 | D:7      | 4829 ||| Stepping ~*~*~tactically~*~*~ (hiding).
  4830 | D:7      | 4830 ||| Stepping ~*~*~tactically~*~*~ (hiding).
  4831 | D:7      | 4831 ||| INVOKING Fiery Armour.
  4844 | D:7      | Reached XP level 9. HP: 84/84 MP: 9/9
  4848 | D:7      | 4848 ||| Stepping ~*~*~tactically~*~*~ (hiding).
  4905 | D:7      | Noticed Duvessa
  4905 | D:7      | Noticed Dowan
  4914 | D:7      | Killed Dowan
  4915 | D:7      | Reached skill level 11 in Unarmed Combat
  4922 | D:7      | Killed Duvessa
  4958 | D:7      | 4958 ||| Stepping ~*~*~tactically~*~*~ (hiding).
  4959 | D:7      | 4959 ||| Stepping ~*~*~tactically~*~*~ (hiding).
  5092 | D:7      | Found a staircase to the Ecumenical Temple.
  5145 | D:7      | 5145 ||| Stepping ~*~*~tactically~*~*~ (outnumbered).
  5150 | D:7      | 5150 ||| Stepping ~*~*~tactically~*~*~ (outnumbered).
  5351 | D:7      | 5351 ||| Stepping ~*~*~tactically~*~*~ (hiding).
  5352 | D:7      | 5352 ||| Stepping ~*~*~tactically~*~*~ (hiding).
  5567 | D:7      | 5567 ||| UPGRADING to ring of see invisible.
  5568 | D:7      | 5568 ||| READING scroll labelled ZACWAZ CUONI.
  5569 | D:7      | 5569 ||| READING 4 scrolls of identify.
  5569 | D:7      | 5569 ||| IDENTIFYING emerald potion
  5570 | D:7      | 5570 ||| READING 3 scrolls of identify.
  5570 | D:7      | 5570 ||| IDENTIFYING murky orange potion
  5595 | D:8      | 5595 ||| STAIRDANCE
  5667 | D:8      | 5667 ||| INVOKING Fiery Armour.
  5669 | D:8      | 5669 ||| STAIRDANCE
  5785 | D:8      | Noticed a +0 hand axe
  5785 | D:8      | Noticed a +0 dagger
  5795 | D:8      | Found a hide-covered altar of Uskayaw.
  5821 | D:8      | 5821 ||| Stepping ~*~*~tactically~*~*~ (stealth).
  5822 | D:8      | 5822 ||| Stepping ~*~*~tactically~*~*~ (outnumbered).
  5823 | D:8      | 5823 ||| Stepping ~*~*~tactically~*~*~ (outnumbered).
  5824 | D:8      | 5824 ||| Stepping ~*~*~tactically~*~*~ (outnumbered).
  5825 | D:8      | 5825 ||| Stepping ~*~*~tactically~*~*~ (stealth).
  5826 | D:8      | 5826 ||| Stepping ~*~*~tactically~*~*~ (stealth).
  5829 | D:8      | Reached skill level 12 in Unarmed Combat
  5830 | D:8      | 5830 ||| Stepping ~*~*~tactically~*~*~ (stealth).
  5831 | D:8      | 5831 ||| Stepping ~*~*~tactically~*~*~ (stealth).
  5832 | D:8      | 5832 ||| Stepping ~*~*~tactically~*~*~ (stealth).
  5871 | D:8      | 5871 ||| Stepping ~*~*~tactically~*~*~ (stealth).
  5876 | D:8      | 5876 ||| Stepping ~*~*~tactically~*~*~ (stealth).
  5878 | D:8      | 5878 ||| Stepping ~*~*~tactically~*~*~ (stealth).
  5879 | D:8      | 5879 ||| Stepping ~*~*~tactically~*~*~ (stealth).
  5884 | D:8      | 5884 ||| INVOKING Fiery Armour.
  5890 | D:8      | 5890 ||| Stepping ~*~*~tactically~*~*~ (outnumbered).
  5891 | D:8      | 5891 ||| Stepping ~*~*~tactically~*~*~ (outnumbered).
  5892 | D:8      | 5892 ||| Stepping ~*~*~tactically~*~*~ (outnumbered).
  5893 | D:8      | 5893 ||| Stepping ~*~*~tactically~*~*~ (hiding).
  5894 | D:8      | 5894 ||| Stepping ~*~*~tactically~*~*~ (hiding).
  5899 | D:8      | 5899 ||| Stepping ~*~*~tactically~*~*~ (outnumbered).
  5900 | D:8      | 5900 ||| Stepping ~*~*~tactically~*~*~ (outnumbered).
  5901 | D:8      | 5901 ||| Stepping ~*~*~tactically~*~*~ (outnumbered).
  5902 | D:8      | 5902 ||| Stepping ~*~*~tactically~*~*~ (outnumbered).
  5957 | D:8      | Found a sparkling altar of Nemelex Xobeh.
  5971 | D:8      | 5971 ||| Stepping ~*~*~tactically~*~*~ (stealth).
  5978 | D:8      | Paralysed by a hornet for 3 turns
  6119 | D:8      | Found an iron altar of Okawaru.
  6122 | D:8      | 6122 ||| Stepping ~*~*~tactically~*~*~ (stealth).
  6123 | D:8      | Noticed a kobold demonologist
  6124 | D:8      | 6124 ||| Stepping ~*~*~tactically~*~*~ (stealth).
  6130 | D:8      | Killed a kobold demonologist
  6336 | D:8      | Reached skill level 13 in Unarmed Combat
  6336 | D:8      | Reached XP level 10. HP: 91/96 MP: 10/10
  6536 | D:8      | 6536 ||| READING scroll labelled MYM IKUCINWAENG.
  6537 | D:8      | 6537 ||| READING 4 scrolls of identify.
  6537 | D:8      | 6537 ||| IDENTIFYING grey potion
  6538 | D:8      | 6538 ||| READING 3 scrolls of identify.
  6538 | D:8      | 6538 ||| IDENTIFYING orange potion
  6539 | D:8      | 6539 ||| DROPPING potion of brilliance.
  6585 | D:9      | Found a staircase to the Orcish Mines.
  6598 | D:9      | Noticed Prince Ribbit
  6601 | D:9      | 6601 ||| Stepping ~*~*~tactically~*~*~ (hiding).
  6606 | D:9      | 6606 ||| Stepping ~*~*~tactically~*~*~ (hiding).
  6608 | D:9      | 6608 ||| Stepping ~*~*~tactically~*~*~ (hiding).
  6609 | D:9      | 6609 ||| Stepping ~*~*~tactically~*~*~ (hiding).
  6616 | D:9      | 6616 ||| Stepping ~*~*~tactically~*~*~ (stealth).
  6620 | D:9      | 6620 ||| Stepping ~*~*~tactically~*~*~ (outnumbered).
  6622 | D:9      | Killed Prince Ribbit
  6623 | D:9      | Reached skill level 3 in Dodging
  6647 | D:9      | 6647 ||| Stepping ~*~*~tactically~*~*~ (stealth).
  6648 | D:9      | 6648 ||| Stepping ~*~*~tactically~*~*~ (stealth).
  6656 | D:9      | 6656 ||| Stepping ~*~*~tactically~*~*~ (outnumbered).
  6657 | D:9      | 6657 ||| Stepping ~*~*~tactically~*~*~ (outnumbered).
  6666 | D:9      | 6666 ||| INVOKING Fiery Armour.
  6936 | D:9      | Noticed Maurice
  6943 | D:9      | Killed Maurice
  7283 | D:9      | 7283 ||| UPGRADING to +0 cloak.
  7294 | D:10     | Entered Level 10 of the Dungeon
  7371 | D:10     | Found a snail-covered altar of Cheibriados.
  7599 | D:10     | Found a burning altar of Makhleb.
  7785 | D:10     | Found a broken altar of Ashenzari.
  7786 | D:10     | 7786 ||| Stepping ~*~*~tactically~*~*~ (hiding).
  7792 | D:10     | Reached skill level 1 in Armour
  7803 | D:10     | 7803 ||| Stepping ~*~*~tactically~*~*~ (stealth).
  7806 | D:10     | 7806 ||| INVOKING Fiery Armour.
  7807 | D:10     | 7807 ||| Stepping ~*~*~tactically~*~*~ (stealth).
  7808 | D:10     | 7808 ||| Stepping ~*~*~tactically~*~*~ (stealth).
  7810 | D:10     | 7810 ||| Stepping ~*~*~tactically~*~*~ (stealth).
  7811 | D:10     | 7811 ||| Stepping ~*~*~tactically~*~*~ (stealth).
  7813 | D:10     | 7813 ||| Stepping ~*~*~tactically~*~*~ (outnumbered).
  7814 | D:10     | 7814 ||| Stepping ~*~*~tactically~*~*~ (outnumbered).
  7815 | D:10     | 7815 ||| Stepping ~*~*~tactically~*~*~ (outnumbered).
  7816 | D:10     | 7816 ||| Stepping ~*~*~tactically~*~*~ (outnumbered).
  7818 | D:10     | Reached skill level 14 in Unarmed Combat
  7824 | D:10     | 7824 ||| Stepping ~*~*~tactically~*~*~ (outnumbered).
  7825 | D:10     | 7825 ||| Stepping ~*~*~tactically~*~*~ (outnumbered).
  7831 | D:10     | Reached skill level 6 in Fighting
  7883 | D:10     | 7883 ||| READING scroll of enchant armour.
  7883 | D:10     | 7883 ||| ENCHANTING +0 cloak.
  7890 | D:10     | 7890 ||| Stepping ~*~*~tactically~*~*~ (hiding).
  7902 | D:10     | 7902 ||| Stepping ~*~*~tactically~*~*~ (stealth).
  7903 | D:10     | 7903 ||| Stepping ~*~*~tactically~*~*~ (stealth).
  7957 | D:10     | 7957 ||| Stepping ~*~*~tactically~*~*~ (outnumbered).
  8156 | D:10     | 8156 ||| Stepping ~*~*~tactically~*~*~ (stealth).
  8158 | D:10     | 8158 ||| Stepping ~*~*~tactically~*~*~ (stealth).
  8337 | D:11     | 8337 ||| INVOKING Fiery Armour.
  8342 | D:11     | Noticed a two-headed ogre
  8343 | D:11     | HP: 24/98 [troll (10)]
  8344 | D:11     | 8344 ||| READING 3 scrolls of teleportation.
  8345 | D:11     | 8345 ||| DRINKING potion of heal wounds.
  8434 | D:11     | Noticed a manticore
  8435 | D:11     | 8435 ||| Stepping ~*~*~tactically~*~*~ (stealth).
  8437 | D:11     | 8437 ||| Stepping ~*~*~tactically~*~*~ (hiding).
  8446 | D:11     | Killed a manticore
  8486 | D:11     | 8486 ||| Stepping ~*~*~tactically~*~*~ (stealth).
  8517 | D:11     | 8517 ||| INVOKING Fiery Armour.
  8522 | D:11     | Reached XP level 11. HP: 99/105 MP: 11/11
  8524 | D:11     | 8524 ||| Stepping ~*~*~tactically~*~*~ (outnumbered).
  8525 | D:11     | 8525 ||| Stepping ~*~*~tactically~*~*~ (outnumbered).
  8526 | D:11     | 8526 ||| Stepping ~*~*~tactically~*~*~ (outnumbered).
  8527 | D:11     | 8527 ||| Stepping ~*~*~tactically~*~*~ (outnumbered).
  8528 | D:11     | 8528 ||| Stepping ~*~*~tactically~*~*~ (outnumbered).
  8529 | D:11     | 8529 ||| Stepping ~*~*~tactically~*~*~ (outnumbered).
  8530 | D:11     | 8530 ||| Stepping ~*~*~tactically~*~*~ (outnumbered).
  8531 | D:11     | 8531 ||| Stepping ~*~*~tactically~*~*~ (outnumbered).
  8532 | D:11     | 8532 ||| Stepping ~*~*~tactically~*~*~ (outnumbered).
  8533 | D:11     | 8533 ||| Stepping ~*~*~tactically~*~*~ (outnumbered).
  8535 | D:11     | 8535 ||| Stepping ~*~*~tactically~*~*~ (outnumbered).
  8537 | D:11     | Reached skill level 15 in Unarmed Combat
  8537 | D:11     | 8537 ||| Stepping ~*~*~tactically~*~*~ (outnumbered).
  8548 | D:11     | 8548 ||| Stepping ~*~*~tactically~*~*~ (outnumbered).
  8556 | D:11     | Killed a two-headed ogre
  8620 | D:11     | 8620 ||| Stepping ~*~*~tactically~*~*~ (stealth).
  8622 | D:11     | 8622 ||| Stepping ~*~*~tactically~*~*~ (hiding).
  8632 | D:11     | 8632 ||| Stepping ~*~*~tactically~*~*~ (outnumbered).
  8683 | D:11     | 8683 ||| FLEEEEING.
  8684 | D:11     | 8684 ||| FLEEEEING.
  8685 | D:11     | 8685 ||| FLEEEEING.
  8686 | D:11     | 8686 ||| FLEEEEING.
  8687 | D:11     | 8687 ||| FLEEEEING.
  8855 | D:11     | 8855 ||| INVOKING Fiery Armour.
  8868 | D:11     | HP: 26/105 [electric eel/bolt of electricity (12)]
  8869 | D:11     | 8869 ||| READING 2 scrolls of teleportation.
  8917 | D:11     | 8917 ||| Stepping ~*~*~tactically~*~*~ (stealth).
  8934 | D:11     | 8934 ||| Stepping ~*~*~tactically~*~*~ (stealth).
  8945 | D:11     | 8945 ||| Stepping ~*~*~tactically~*~*~ (stealth).
  8951 | D:11     | 8951 ||| Stepping ~*~*~tactically~*~*~ (outnumbered).
  8952 | D:11     | 8952 ||| Stepping ~*~*~tactically~*~*~ (outnumbered).
  8954 | D:11     | 8954 ||| Stepping ~*~*~tactically~*~*~ (outnumbered).
  8965 | D:11     | Found a staircase to the Lair.
  9040 | D:11     | 9040 ||| Stepping ~*~*~tactically~*~*~ (stealth).
  9042 | D:11     | 9042 ||| Stepping ~*~*~tactically~*~*~ (stealth).
  9053 | D:11     | Reached skill level 16 in Unarmed Combat
  9058 | D:11     | 9058 ||| Stepping ~*~*~tactically~*~*~ (outnumbered).
  9059 | D:11     | 9059 ||| Stepping ~*~*~tactically~*~*~ (outnumbered).
  9060 | D:11     | 9060 ||| Stepping ~*~*~tactically~*~*~ (outnumbered).
  9061 | D:11     | 9061 ||| Stepping ~*~*~tactically~*~*~ (outnumbered).
  9062 | D:11     | 9062 ||| Stepping ~*~*~tactically~*~*~ (outnumbered).
  9067 | D:11     | 9067 ||| Stepping ~*~*~tactically~*~*~ (outnumbered).
  9068 | D:11     | 9068 ||| Stepping ~*~*~tactically~*~*~ (outnumbered).
  9069 | D:11     | 9069 ||| Stepping ~*~*~tactically~*~*~ (outnumbered).
  9070 | D:11     | 9070 ||| Stepping ~*~*~tactically~*~*~ (outnumbered).
  9376 | D:11     | 9376 ||| PLANNING LAIR
  9376 | D:11     | 9376 ||| UPGRADING to +0 troll leather armour.
  9386 | D:11     | 9386 ||| DROPPING +1 robe of willpower.
  9387 | D:11     | 9387 ||| READING 2 scrolls of identify.
  9387 | D:11     | 9387 ||| IDENTIFYING fizzy ruby potion
  9388 | D:11     | 9388 ||| DROPPING potion of magic.
  9437 | Lair:1   | Entered Level 1 of the Lair of Beasts
  9607 | Lair:1   | 9607 ||| INVOKING Fiery Armour.
  9609 | Lair:1   | HP: 14/107 [komodo dragon (21)]
  9610 | Lair:1   | 9610 ||| READING scroll of teleportation.
  9789 | Lair:1   | 9789 ||| PLANNING CONVERSION TO OKAWARU
 10001 | D:8      | Fell from the grace of Ignis
 10001 | D:8      | Became a worshipper of Warmaster Okawaru
 10002 | D:8      | 10002 ||| PLANNING LAIR
 10183 | Lair:1   | 10183 ||| Stepping ~*~*~tactically~*~*~ (outnumbered).
 10184 | Lair:1   | 10184 ||| Stepping ~*~*~tactically~*~*~ (outnumbered).
 10213 | Lair:1   | Reached * piety under Okawaru
 10479 | Lair:1   | 10479 ||| INVOKING Heroism.
 10584 | Lair:2   | 10584 ||| READING scroll of acquirement.
 10584 | Lair:2   | 10584 ||| ACQUIRING +7 gold dragon scales "Ucibuty" {rElec
                  | rPois rF+ rC+ Int+5 Dex+4}
 10584 | Lair:2   | Acquired the +7 gold dragon scales "Ucibuty" {rElec rPois
                  | rF+ rC+ Int+5 Dex+4}
 10586 | Lair:2   | 10586 ||| UPGRADING to +7 gold dragon scales "Ucibuty"
                  | {rElec rPois rF+ rC+ Int+5 Dex+4}.
 10596 | Lair:2   | 10596 ||| DROPPING +1 robe of fire resistance.
 10597 | Lair:2   | 10597 ||| DROPPING +0 troll leather armour.
 10607 | Lair:2   | Noticed a six-headed hydra
 10608 | Lair:2   | 10608 ||| INVOKING Heroism.
 10613 | Lair:2   | Killed an eight-headed hydra
 10614 | Lair:2   | Reached skill level 1 in Invocations
 10615 | Lair:2   | 10615 ||| Stepping ~*~*~tactically~*~*~ (stealth).
 10617 | Lair:2   | 10617 ||| Stepping ~*~*~tactically~*~*~ (stealth).
 10643 | Lair:2   | Found a staircase to the Snake Pit.
 10644 | Lair:2   | 10644 ||| Stepping ~*~*~tactically~*~*~ (hiding).
 10648 | Lair:2   | 10648 ||| Stepping ~*~*~tactically~*~*~ (hiding).
 10652 | Lair:2   | 10652 ||| INVOKING Heroism.
 10711 | Lair:2   | 10711 ||| INVOKING Heroism.
 10716 | Lair:2   | Reached skill level 3 in Armour
 10750 | Lair:2   | Noticed Sonja
 10755 | Abyss:2  | Found a corrupted altar of Lugonu.
 10755 | Abyss:2  | Cast into level 2 of the Abyss (Sonja)
 10759 | Lair:2   | Escaped the Abyss
 10763 | Lair:2   | 10763 ||| INVOKING Heroism.
 10772 | Lair:2   | Killed Sonja
 10772 | Lair:2   | Reached ** piety under Okawaru
 10773 | Lair:2   | Reached XP level 12. HP: 44/118 MP: 10/13
 10862 | Lair:2   | 10862 ||| Stepping ~*~*~tactically~*~*~ (outnumbered).
 10870 | Lair:2   | 10870 ||| INVOKING Heroism.
 10966 | Lair:2   | Reached skill level 3 in Invocations
 10988 | Lair:2   | You fall into a shaft and drop 1 floor!
 10988 | Lair:3   | Found a dark tunnel.
 11097 | Lair:3   | Found a staircase to the Shoals.
 11098 | Lair:3   | 11098 ||| INVOKING Heroism.
 11126 | Lair:3   | 11126 ||| Stepping ~*~*~tactically~*~*~ (stealth).
 11134 | Lair:3   | 11134 ||| Stepping ~*~*~tactically~*~*~ (stealth).
 11404 | Lair:2   | Reached *** piety under Okawaru
 11416 | Lair:2   | 11416 ||| INVOKING Heroism.
 11421 | Lair:2   | 11421 ||| Stepping ~*~*~tactically~*~*~ (outnumbered).
 11422 | Lair:2   | 11422 ||| Stepping ~*~*~tactically~*~*~ (stealth).
 11423 | Lair:2   | 11423 ||| Stepping ~*~*~tactically~*~*~ (stealth).
 11424 | Lair:2   | 11424 ||| Stepping ~*~*~tactically~*~*~ (outnumbered).
 11425 | Lair:2   | 11425 ||| Stepping ~*~*~tactically~*~*~ (outnumbered).
 11426 | Lair:2   | 11426 ||| Stepping ~*~*~tactically~*~*~ (outnumbered).
 11427 | Lair:2   | 11427 ||| Stepping ~*~*~tactically~*~*~ (outnumbered).
 11432 | Lair:2   | 11432 ||| INVOKING Heroism.
 11438 | Lair:2   | 11438 ||| Stepping ~*~*~tactically~*~*~ (outnumbered).
 11439 | Lair:2   | 11439 ||| Stepping ~*~*~tactically~*~*~ (outnumbered).
 11440 | Lair:2   | 11440 ||| Stepping ~*~*~tactically~*~*~ (outnumbered).
 11507 | Lair:2   | Reached skill level 6 in Armour
 11685 | Lair:2   | 11685 ||| Stepping ~*~*~tactically~*~*~ (outnumbered).
 12015 | Lair:2   | 12015 ||| DROPPING ring of flight.
 12106 | Lair:3   | 12106 ||| INVOKING Heroism.
 12299 | Lair:3   | 12299 ||| INVOKING Heroism.
 12312 | Lair:3   | Identified the +3 arbalest of Nucrunuk {freeze, rC+}
 12391 | Lair:3   | 12391 ||| INVOKING Heroism.
 12423 | Lair:3   | Found a snail-covered altar of Cheibriados.
 12424 | Lair:3   | 12424 ||| FLEEEEING.
 12427 | Lair:3   | 12427 ||| INVOKING Heroism.
 12454 | Lair:3   | Noticed a six-headed hydra
 12455 | Lair:3   | 12455 ||| INVOKING Heroism.
 12462 | Lair:3   | Killed an 11-headed hydra
 12780 | Lair:3   | 12780 ||| UPGRADING to +4 ring of protection.
 12782 | Lair:3   | 12782 ||| DROPPING ring of willpower.
 12878 | Lair:4   | 12878 ||| INVOKING Heroism.
 12891 | Lair:4   | Noticed a death yak
 12891 | Lair:4   | Noticed a death yak
 12892 | Lair:4   | 12892 ||| Stepping ~*~*~tactically~*~*~ (stealth).
 12894 | Lair:4   | Reached **** piety under Okawaru
 12895 | Lair:4   | Noticed a death yak
 12899 | Lair:4   | 12899 ||| Stepping ~*~*~tactically~*~*~ (outnumbered).
 12899 | Lair:4   | Noticed a death yak
 12899 | Lair:4   | Noticed a death yak
 12900 | Lair:4   | 12900 ||| Stepping ~*~*~tactically~*~*~ (outnumbered).
 12901 | Lair:4   | 12901 ||| Stepping ~*~*~tactically~*~*~ (outnumbered).
 12902 | Lair:4   | 12902 ||| Stepping ~*~*~tactically~*~*~ (outnumbered).
 12903 | Lair:4   | 12903 ||| INVOKING Heroism.
 12903 | Lair:4   | Noticed a death yak
 12904 | Lair:4   | 12904 ||| Stepping ~*~*~tactically~*~*~ (outnumbered).
 12905 | Lair:4   | 12905 ||| Stepping ~*~*~tactically~*~*~ (outnumbered).
 12908 | Lair:4   | 12908 ||| Stepping ~*~*~tactically~*~*~ (outnumbered).
 12910 | Lair:4   | 12910 ||| Stepping ~*~*~tactically~*~*~ (outnumbered).
 12911 | Lair:4   | 12911 ||| Stepping ~*~*~tactically~*~*~ (outnumbered).
 12912 | Lair:4   | 12912 ||| Stepping ~*~*~tactically~*~*~ (outnumbered).
 12913 | Lair:4   | 12913 ||| Stepping ~*~*~tactically~*~*~ (outnumbered).
 12914 | Lair:4   | 12914 ||| Stepping ~*~*~tactically~*~*~ (outnumbered).
 12915 | Lair:4   | 12915 ||| Stepping ~*~*~tactically~*~*~ (outnumbered).
 12916 | Lair:4   | Killed a death yak
 12918 | Lair:4   | 12918 ||| Stepping ~*~*~tactically~*~*~ (outnumbered).
 12919 | Lair:4   | 12919 ||| Stepping ~*~*~tactically~*~*~ (outnumbered).
 12921 | Lair:4   | 12921 ||| Stepping ~*~*~tactically~*~*~ (outnumbered).
 12922 | Lair:4   | Killed a death yak
 12924 | Lair:4   | 12924 ||| INVOKING Heroism.
 12926 | Lair:4   | Killed a death yak
 12927 | Lair:4   | Reached skill level 17 in Unarmed Combat
 12927 | Lair:4   | 12927 ||| Stepping ~*~*~tactically~*~*~ (outnumbered).
 12928 | Lair:4   | 12928 ||| Stepping ~*~*~tactically~*~*~ (outnumbered).
 12929 | Lair:4   | 12929 ||| Stepping ~*~*~tactically~*~*~ (outnumbered).
 12930 | Lair:4   | 12930 ||| Stepping ~*~*~tactically~*~*~ (outnumbered).
 12931 | Lair:4   | 12931 ||| Stepping ~*~*~tactically~*~*~ (outnumbered).
 12932 | Lair:4   | 12932 ||| Stepping ~*~*~tactically~*~*~ (outnumbered).
 12934 | Lair:4   | 12934 ||| Stepping ~*~*~tactically~*~*~ (outnumbered).
 12937 | Lair:4   | HP: 23/118 [yak[a torpor snail] (8)]
 12938 | Lair:4   | 12938 ||| READING scroll of teleportation.
 12939 | Lair:4   | 12939 ||| DRINKING 2 potions of heal wounds.
 12940 | Lair:4   | 12940 ||| DRINKING potion of heal wounds.
 12985 | Lair:4   | Was forgiven by Ignis
 13085 | Lair:4   | 13085 ||| INVOKING Heroism.
 13091 | Lair:4   | Killed a death yak
 13250 | Lair:4   | 13250 ||| INVOKING Heroism.
 13251 | Lair:4   | 13251 ||| Stepping ~*~*~tactically~*~*~ (stealth).
 13264 | Lair:4   | 13264 ||| Stepping ~*~*~tactically~*~*~ (stealth).
 13265 | Lair:4   | 13265 ||| Stepping ~*~*~tactically~*~*~ (stealth).
 13268 | Lair:4   | 13268 ||| Stepping ~*~*~tactically~*~*~ (outnumbered).
 13269 | Lair:4   | 13269 ||| Stepping ~*~*~tactically~*~*~ (outnumbered).
 13336 | Lair:4   | 13336 ||| INVOKING Heroism.
 13338 | Lair:4   | 13338 ||| Stepping ~*~*~tactically~*~*~ (stealth).
 13352 | Lair:4   | 13352 ||| Stepping ~*~*~tactically~*~*~ (stealth).
 13358 | Lair:4   | Killed a death yak
 13359 | Lair:4   | Reached XP level 13. HP: 124/124 MP: 16/16
 13359 | Lair:4   | 13359 ||| INVOKING Heroism.
 13376 | Lair:4   | Reached skill level 6 in Invocations
 13473 | Lair:4   | 13473 ||| FLEEEEING.
 13474 | Lair:4   | 13474 ||| FLEEEEING.
 13475 | Lair:4   | 13475 ||| FLEEEEING.
 13476 | Lair:4   | 13476 ||| FLEEEEING.
 13477 | Lair:4   | 13477 ||| FLEEEEING.
 13478 | Lair:4   | 13478 ||| FLEEEEING.
 13479 | Lair:4   | 13479 ||| FLEEEEING.
 13480 | Lair:4   | 13480 ||| FLEEEEING.
 13481 | Lair:4   | 13481 ||| FLEEEEING.
 13482 | Lair:4   | 13482 ||| FLEEEEING.
 13483 | Lair:4   | 13483 ||| FLEEEEING.
 13484 | Lair:4   | 13484 ||| FLEEEEING.
 13485 | Lair:4   | 13485 ||| FLEEEEING.
 13486 | Lair:4   | 13486 ||| FLEEEEING.
 13487 | Lair:4   | 13487 ||| FLEEEEING.
 13488 | Lair:4   | 13488 ||| FLEEEEING.
 13489 | Lair:4   | 13489 ||| FLEEEEING.
 13490 | Lair:4   | 13490 ||| FLEEEEING.
 13491 | Lair:4   | 13491 ||| FLEEEEING.
 13492 | Lair:4   | 13492 ||| FLEEEEING.
 13494 | Lair:4   | 13494 ||| FLEEEEING.
 13495 | Lair:4   | 13495 ||| FLEEEEING.
 13496 | Lair:4   | 13496 ||| FLEEEEING.
 13497 | Lair:4   | 13497 ||| FLEEEEING.
 13498 | Lair:4   | 13498 ||| FLEEEEING.
 13499 | Lair:4   | 13499 ||| FLEEEEING.
 13500 | Lair:4   | 13500 ||| INVOKING Heroism.
 13742 | Lair:4   | 13742 ||| READING scroll labelled ISEOLI POLE.
 13791 | Lair:5   | Entered Level 5 of the Lair of Beasts
 13796 | Lair:5   | 13796 ||| STAIRDANCE
 13802 | Lair:5   | 13802 ||| STAIRDANCE
 13807 | Lair:5   | 13807 ||| STAIRDANCE
 13814 | Lair:5   | 13814 ||| STAIRDANCE
 13816 | Lair:4   | 13816 ||| Stepping ~*~*~tactically~*~*~ (outnumbered).
 13817 | Lair:4   | 13817 ||| Stepping ~*~*~tactically~*~*~ (outnumbered).
 13818 | Lair:4   | 13818 ||| Stepping ~*~*~tactically~*~*~ (outnumbered).
 13819 | Lair:4   | 13819 ||| Stepping ~*~*~tactically~*~*~ (outnumbered).
 13827 | Lair:4   | Reached ***** piety under Okawaru
 13842 | Lair:5   | 13842 ||| STAIRDANCE
 13844 | Lair:4   | 13844 ||| Stepping ~*~*~tactically~*~*~ (outnumbered).
 13845 | Lair:4   | 13845 ||| Stepping ~*~*~tactically~*~*~ (outnumbered).
 13846 | Lair:4   | 13846 ||| Stepping ~*~*~tactically~*~*~ (outnumbered).
 13847 | Lair:4   | 13847 ||| Stepping ~*~*~tactically~*~*~ (outnumbered).
 13848 | Lair:4   | 13848 ||| Stepping ~*~*~tactically~*~*~ (outnumbered).
 13849 | Lair:4   | 13849 ||| Stepping ~*~*~tactically~*~*~ (outnumbered).
 13850 | Lair:4   | 13850 ||| Stepping ~*~*~tactically~*~*~ (outnumbered).
 13851 | Lair:4   | 13851 ||| Stepping ~*~*~tactically~*~*~ (outnumbered).
 13852 | Lair:4   | 13852 ||| Stepping ~*~*~tactically~*~*~ (outnumbered).
 13853 | Lair:4   | 13853 ||| Stepping ~*~*~tactically~*~*~ (outnumbered).
 13854 | Lair:4   | 13854 ||| Stepping ~*~*~tactically~*~*~ (outnumbered).
 13855 | Lair:4   | 13855 ||| Stepping ~*~*~tactically~*~*~ (outnumbered).
 13856 | Lair:4   | 13856 ||| Stepping ~*~*~tactically~*~*~ (outnumbered).
 13857 | Lair:4   | 13857 ||| Stepping ~*~*~tactically~*~*~ (outnumbered).
 13858 | Lair:4   | 13858 ||| Stepping ~*~*~tactically~*~*~ (outnumbered).
 13859 | Lair:4   | 13859 ||| Stepping ~*~*~tactically~*~*~ (outnumbered).
 13860 | Lair:4   | 13860 ||| Stepping ~*~*~tactically~*~*~ (outnumbered).
 13861 | Lair:4   | 13861 ||| Stepping ~*~*~tactically~*~*~ (outnumbered).
 13865 | Lair:4   | 13865 ||| INVOKING Heroism.
 13868 | Lair:4   | Reached skill level 3 in Throwing
 13931 | Lair:5   | 13931 ||| STAIRDANCE
 13933 | Lair:4   | 13933 ||| Stepping ~*~*~tactically~*~*~ (outnumbered).
 13934 | Lair:4   | 13934 ||| Stepping ~*~*~tactically~*~*~ (outnumbered).
 13935 | Lair:4   | 13935 ||| Stepping ~*~*~tactically~*~*~ (outnumbered).
 13936 | Lair:4   | 13936 ||| Stepping ~*~*~tactically~*~*~ (outnumbered).
 13967 | Lair:5   | 13967 ||| STAIRDANCE
 13969 | Lair:4   | 13969 ||| Stepping ~*~*~tactically~*~*~ (outnumbered).
 13970 | Lair:4   | 13970 ||| Stepping ~*~*~tactically~*~*~ (outnumbered).
 13971 | Lair:4   | 13971 ||| Stepping ~*~*~tactically~*~*~ (outnumbered).
 13972 | Lair:4   | 13972 ||| Stepping ~*~*~tactically~*~*~ (outnumbered).
 13973 | Lair:4   | 13973 ||| Stepping ~*~*~tactically~*~*~ (outnumbered).
 13974 | Lair:4   | 13974 ||| Stepping ~*~*~tactically~*~*~ (outnumbered).
 13975 | Lair:4   | 13975 ||| Stepping ~*~*~tactically~*~*~ (outnumbered).
 13976 | Lair:4   | 13976 ||| Stepping ~*~*~tactically~*~*~ (outnumbered).
 13977 | Lair:4   | 13977 ||| Stepping ~*~*~tactically~*~*~ (outnumbered).
 13978 | Lair:4   | 13978 ||| Stepping ~*~*~tactically~*~*~ (outnumbered).
 13979 | Lair:4   | 13979 ||| Stepping ~*~*~tactically~*~*~ (outnumbered).
 13980 | Lair:4   | 13980 ||| Stepping ~*~*~tactically~*~*~ (outnumbered).
 13981 | Lair:4   | 13981 ||| Stepping ~*~*~tactically~*~*~ (outnumbered).
 13982 | Lair:4   | 13982 ||| Stepping ~*~*~tactically~*~*~ (outnumbered).
 13983 | Lair:4   | 13983 ||| Stepping ~*~*~tactically~*~*~ (outnumbered).
 13984 | Lair:4   | 13984 ||| Stepping ~*~*~tactically~*~*~ (outnumbered).
 13985 | Lair:4   | 13985 ||| Stepping ~*~*~tactically~*~*~ (outnumbered).
 13986 | Lair:4   | 13986 ||| Stepping ~*~*~tactically~*~*~ (outnumbered).
 13988 | Lair:4   | 13988 ||| Stepping ~*~*~tactically~*~*~ (outnumbered).
 13989 | Lair:4   | 13989 ||| Stepping ~*~*~tactically~*~*~ (outnumbered).
 13990 | Lair:4   | 13990 ||| Stepping ~*~*~tactically~*~*~ (outnumbered).
 13991 | Lair:4   | 13991 ||| Stepping ~*~*~tactically~*~*~ (outnumbered).
 13992 | Lair:4   | 13992 ||| Stepping ~*~*~tactically~*~*~ (outnumbered).
 13993 | Lair:4   | 13993 ||| Stepping ~*~*~tactically~*~*~ (outnumbered).
 13994 | Lair:4   | 13994 ||| Stepping ~*~*~tactically~*~*~ (outnumbered).
 13995 | Lair:4   | 13995 ||| Stepping ~*~*~tactically~*~*~ (outnumbered).
 14038 | Lair:5   | 14038 ||| STAIRDANCE
 14039 | Lair:5   | 14039 ||| INVOKING Heroism.
 14040 | Lair:5   | 14040 ||| INVOKING Finesse.
 14045 | Lair:5   | 14045 ||| Stepping ~*~*~tactically~*~*~ (outnumbered).
 14109 | Lair:5   | Identified the +11 spear "Awigum" {drain, rElec rPois rN++
                  | Int-4}
 14140 | Lair:5   | Found a staircase to the Slime Pits.
 14164 | Lair:5   | 14164 ||| INVOKING Heroism.
 14219 | Lair:5   | 14219 ||| INVOKING Heroism.
 14238 | Lair:5   | 14238 ||| Stepping ~*~*~tactically~*~*~ (stealth).
 14239 | Lair:5   | 14239 ||| Stepping ~*~*~tactically~*~*~ (stealth).
 14240 | Lair:5   | 14240 ||| Stepping ~*~*~tactically~*~*~ (stealth).
 14246 | Lair:5   | 14246 ||| READING 2 scrolls of teleportation.
 14286 | Lair:5   | 14286 ||| INVOKING Heroism.
 14295 | Lair:5   | 14295 ||| Stepping ~*~*~tactically~*~*~ (outnumbered).
 14296 | Lair:5   | 14296 ||| Stepping ~*~*~tactically~*~*~ (outnumbered).
 14297 | Lair:5   | Identified the +4 kite shield of Gluttony {SInv} (Okawaru
                  | gifted it to you on level 5 of the Lair of Beasts)
 14297 | Lair:5   | Received a gift from Okawaru
 14302 | Lair:5   | 14302 ||| Stepping ~*~*~tactically~*~*~ (outnumbered).
 14303 | Lair:5   | 14303 ||| Stepping ~*~*~tactically~*~*~ (outnumbered).
 14335 | Lair:5   | 14335 ||| READING scroll of enchant armour.
 14335 | Lair:5   | 14335 ||| ENCHANTING +1 cloak.
 14425 | Lair:5   | Noticed Nessos
 14426 | Lair:5   | 14426 ||| INVOKING Finesse.
 14427 | Lair:5   | 14427 ||| INVOKING Heroism.
 14428 | Lair:5   | 14428 ||| INVOKING Finesse.
 14451 | Lair:5   | Killed Nessos
 14536 | Lair:5   | 14536 ||| Stepping ~*~*~tactically~*~*~ (stealth).
 14566 | Lair:5   | 14566 ||| Stepping ~*~*~tactically~*~*~ (stealth).
 14569 | Lair:5   | 14569 ||| INVOKING Heroism.
 14577 | Lair:5   | 14577 ||| Stepping ~*~*~tactically~*~*~ (outnumbered).
 14578 | Lair:5   | 14578 ||| Stepping ~*~*~tactically~*~*~ (outnumbered).
 14687 | Lair:5   | 14687 ||| INVOKING Heroism.
 14745 | Lair:5   | 14745 ||| INVOKING Heroism.
 14771 | Lair:5   | 14771 ||| Stepping ~*~*~tactically~*~*~ (stealth).
 14773 | Lair:5   | 14773 ||| FLEEEEING.
 14774 | Lair:5   | 14774 ||| FLEEEEING.
 14775 | Lair:5   | 14775 ||| FLEEEEING.
 14776 | Lair:5   | 14776 ||| FLEEEEING.
 14777 | Lair:5   | 14777 ||| FLEEEEING.
 14780 | Lair:5   | 14780 ||| FLEEEEING.
 14787 | Lair:5   | 14787 ||| FLEEEEING.
 14817 | Lair:5   | 14817 ||| Stepping ~*~*~tactically~*~*~ (stealth).
 14820 | Lair:5   | 14820 ||| Stepping ~*~*~tactically~*~*~ (outnumbered).
 14825 | Lair:5   | Reached skill level 18 in Unarmed Combat
 14825 | Lair:5   | Reached skill level 9 in Invocations
 14965 | Lair:5   | Found a corrupted altar of Lugonu.
 14965 | Lair:5   | Found a one-way gate to the infinite horrors of the Abyss.
 14976 | Lair:5   | Identified the ring of Democracy {Fly rF+ rN+}
 15027 | Lair:5   | Identified the +2 double sword of Purpose {antimagic, *Rage
                  | rC+ Dex+3}
 15030 | Lair:5   | 15030 ||| INVOKING Heroism.
 15036 | Lair:5   | Received a gift from Okawaru
 15037 | Lair:5   | 15037 ||| Stepping ~*~*~tactically~*~*~ (stealth).
 15042 | Lair:5   | 15042 ||| Stepping ~*~*~tactically~*~*~ (outnumbered).
 15050 | Lair:5   | 15050 ||| Stepping ~*~*~tactically~*~*~ (outnumbered).
 15051 | Lair:5   | 15051 ||| Stepping ~*~*~tactically~*~*~ (outnumbered).
 15055 | Lair:5   | Reached XP level 14. HP: 105/133 MP: 12/19
 15056 | Lair:5   | 15056 ||| Stepping ~*~*~tactically~*~*~ (outnumbered).
 15057 | Lair:5   | 15057 ||| Stepping ~*~*~tactically~*~*~ (outnumbered).
 15059 | Lair:5   | 15059 ||| Stepping ~*~*~tactically~*~*~ (outnumbered).
 15067 | Lair:5   | 15067 ||| Stepping ~*~*~tactically~*~*~ (outnumbered).
 15068 | Lair:5   | 15068 ||| Stepping ~*~*~tactically~*~*~ (outnumbered).
 15154 | Lair:5   | 15154 ||| Stepping ~*~*~tactically~*~*~ (hiding).
 15161 | Lair:5   | 15161 ||| Stepping ~*~*~tactically~*~*~ (outnumbered).
 15162 | Lair:5   | 15162 ||| Stepping ~*~*~tactically~*~*~ (outnumbered).
 15196 | Lair:5   | 15196 ||| Stepping ~*~*~tactically~*~*~ (hiding).
 15725 | Lair:5   | 15725 ||| PLANNING D
 15725 | Lair:5   | 15725 ||| UPGRADING to +4 kite shield of Gluttony {SInv}.
 15730 | Lair:5   | 15730 ||| REMOVING ring of see invisible.
 15731 | Lair:5   | 15731 ||| UPGRADING to +2 hat.
 15736 | Lair:5   | 15736 ||| UPGRADING to +6 ring of dexterity.
 15737 | Lair:5   | 15737 ||| READING scroll labelled BASYHEZIDI.
 15936 | D:12     | Found a runed translucent gate.
 15936 | D:12     | Found a runed translucent gate.
 15936 | D:12     | Found a runed translucent gate.
 15938 | D:12     | Noticed Shukka's ghost (journeyman MiBe)
 15948 | D:12     | 15948 ||| INVOKING Heroism.
 15949 | D:12     | 15949 ||| INVOKING Finesse.
 15958 | D:12     | Reached skill level 1 in Shields
 16273 | D:12     | 16273 ||| INVOKING Heroism.
 16274 | D:12     | 16274 ||| INVOKING Finesse.
 16358 | D:12     | Noticed Snorg
 16359 | D:12     | 16359 ||| INVOKING Heroism.
 16360 | D:12     | 16360 ||| INVOKING Finesse.
 16368 | D:12     | Killed Snorg
 16429 | D:12     | Found a radiant altar of Vehumet.
 16709 | D:12     | 16709 ||| READING 3 scrolls of identify.
 16709 | D:12     | 16709 ||| IDENTIFYING white potion
 16724 | D:13     | 16724 ||| STAIRDANCE
 16764 | D:13     | Reached skill level 3 in Shields
 16764 | D:13     | 16764 ||| STAIRDANCE
 16883 | D:13     | 16883 ||| INVOKING Heroism.
 16885 | D:13     | 16885 ||| Stepping ~*~*~tactically~*~*~ (outnumbered).
 16967 | D:13     | 16967 ||| Stepping ~*~*~tactically~*~*~ (hiding).
 16968 | D:13     | 16968 ||| Stepping ~*~*~tactically~*~*~ (hiding).
 17094 | D:13     | 17094 ||| Stepping ~*~*~tactically~*~*~ (stealth).
 17104 | D:13     | 17104 ||| INVOKING Heroism.
 17109 | D:13     | 17109 ||| Stepping ~*~*~tactically~*~*~ (outnumbered).
 17270 | D:13     | 17270 ||| Stepping ~*~*~tactically~*~*~ (hiding).
 17473 | D:13     | 17473 ||| Stepping ~*~*~tactically~*~*~ (hiding).
 17663 | D:14     | 17663 ||| STAIRDANCE
 17676 | D:14     | 17676 ||| STAIRDANCE
 17683 | D:14     | 17683 ||| STAIRDANCE
 17685 | D:13     | 17685 ||| INVOKING Heroism.
 17807 | D:14     | 17807 ||| INVOKING Heroism.
 17819 | D:14     | Reached skill level 6 in Shields
 17833 | D:14     | 17833 ||| Stepping ~*~*~tactically~*~*~ (stealth).
 17835 | D:14     | 17835 ||| Stepping ~*~*~tactically~*~*~ (stealth).
 17837 | D:14     | 17837 ||| Stepping ~*~*~tactically~*~*~ (stealth).
 17847 | D:14     | 17847 ||| Stepping ~*~*~tactically~*~*~ (stealth).
 17870 | D:14     | 17870 ||| Stepping ~*~*~tactically~*~*~ (stealth).
 17878 | D:14     | 17878 ||| Stepping ~*~*~tactically~*~*~ (stealth).
 17881 | D:14     | 17881 ||| INVOKING Heroism.
 17909 | D:14     | 17909 ||| Stepping ~*~*~tactically~*~*~ (stealth).
 17960 | D:14     | 17960 ||| INVOKING Heroism.
 17963 | D:14     | 17963 ||| Stepping ~*~*~tactically~*~*~ (outnumbered).
 18090 | D:14     | 18090 ||| INVOKING Heroism.
 18091 | D:14     | 18091 ||| INVOKING Finesse.
 18152 | D:14     | Found a gate to the Vaults.
 18272 | D:14     | Found an ancient bone altar of Kikubaaqudgha.
 18614 | D:15     | Entered Level 15 of the Dungeon
 18615 | D:15     | 18615 ||| INVOKING Heroism.
 18618 | D:15     | 18618 ||| STAIRDANCE
 18620 | D:14     | 18620 ||| Stepping ~*~*~tactically~*~*~ (outnumbered).
 18621 | D:14     | 18621 ||| Stepping ~*~*~tactically~*~*~ (outnumbered).
 18622 | D:14     | 18622 ||| Stepping ~*~*~tactically~*~*~ (outnumbered).
 18623 | D:14     | 18623 ||| Stepping ~*~*~tactically~*~*~ (outnumbered).
 18624 | D:14     | 18624 ||| Stepping ~*~*~tactically~*~*~ (outnumbered).
 18625 | D:14     | 18625 ||| Stepping ~*~*~tactically~*~*~ (outnumbered).
 18626 | D:14     | 18626 ||| Stepping ~*~*~tactically~*~*~ (outnumbered).
 18627 | D:14     | 18627 ||| Stepping ~*~*~tactically~*~*~ (outnumbered).
 18628 | D:14     | 18628 ||| Stepping ~*~*~tactically~*~*~ (outnumbered).
 18671 | D:15     | 18671 ||| Stepping ~*~*~tactically~*~*~ (outnumbered).
 18674 | D:15     | 18674 ||| Stepping ~*~*~tactically~*~*~ (outnumbered).
 18717 | D:15     | 18717 ||| Stepping ~*~*~tactically~*~*~ (hiding).
 18719 | D:15     | 18719 ||| INVOKING Heroism.
 18720 | D:15     | 18720 ||| Stepping ~*~*~tactically~*~*~ (cloud).
 18722 | D:15     | 18722 ||| INVOKING Finesse.
 18753 | D:15     | 18753 ||| Stepping ~*~*~tactically~*~*~ (outnumbered).
 18758 | Abyss:2  | Cast into level 2 of the Abyss (a wizard)
 18793 | Abyss:2  | 18793 ||| Stepping ~*~*~tactically~*~*~ (stealth).
 18814 | Abyss:2  | Noticed a starcursed mass
 18815 | Abyss:2  | 18815 ||| Stepping ~*~*~tactically~*~*~ (hiding).
 18816 | Abyss:2  | 18816 ||| Stepping ~*~*~tactically~*~*~ (hiding).
 18829 | Abyss:2  | Killed a starcursed mass
 18859 | Abyss:2  | 18859 ||| Stepping ~*~*~tactically~*~*~ (stealth).
 18896 | Abyss:2  | Noticed a bone dragon
 18897 | Abyss:2  | 18897 ||| INVOKING Heroism.
 18903 | Abyss:2  | 18903 ||| Stepping ~*~*~tactically~*~*~ (hiding).
 18910 | Abyss:2  | Killed a bone dragon
 18910 | Abyss:2  | Received a gift from Okawaru
 18918 | Abyss:2  | 18918 ||| Stepping ~*~*~tactically~*~*~ (stealth).
 18922 | Abyss:2  | 18922 ||| Stepping ~*~*~tactically~*~*~ (stealth).
 18925 | Abyss:2  | 18925 ||| Stepping ~*~*~tactically~*~*~ (stealth).
 18928 | Abyss:2  | 18928 ||| Stepping ~*~*~tactically~*~*~ (outnumbered).
 18937 | Abyss:2  | Reached skill level 9 in Shields
 18943 | Abyss:2  | Noticed a deep elf elementalist
 18952 | Abyss:2  | Killed a deep elf elementalist
 18973 | Abyss:2  | Noticed a tentacled starspawn
 18977 | Abyss:2  | 18977 ||| INVOKING Heroism.
 18979 | Abyss:2  | Killed a tentacled starspawn
 18980 | Abyss:2  | Reached XP level 15. HP: 112/143 MP: 18/21
 18996 | D:15     | Escaped the Abyss
 19000 | D:15     | 19000 ||| Stepping ~*~*~tactically~*~*~ (outnumbered).
 19003 | D:15     | HP: 34/143 [centaur warrior/arrow (18)]
 19004 | D:15     | 19004 ||| READING 2 scrolls of teleportation.
 19005 | D:15     | 19005 ||| DRINKING 4 potions of heal wounds.
 19032 | D:15     | 19032 ||| Stepping ~*~*~tactically~*~*~ (stealth).
 19067 | D:15     | 19067 ||| INVOKING Heroism.
 19099 | D:15     | 19099 ||| Stepping ~*~*~tactically~*~*~ (stealth).
 19176 | D:15     | 19176 ||| Stepping ~*~*~tactically~*~*~ (hiding).
 19321 | D:15     | 19321 ||| Stepping ~*~*~tactically~*~*~ (stealth).
 19323 | D:15     | 19323 ||| Stepping ~*~*~tactically~*~*~ (hiding).
 19530 | D:15     | Reached skill level 6 in Throwing
 19543 | D:15     | Found a staircase to the Depths.
 19544 | D:15     | 19544 ||| INVOKING Heroism.
 19550 | D:15     | Received a gift from Okawaru
 19568 | D:15     | 19568 ||| DROPPING ring of see invisible.
 19569 | D:15     | 19569 ||| PLANNING ORC
 19569 | D:15     | 19569 ||| DROPPING ring of ice.
 19570 | D:15     | 19570 ||| UPGRADING to +4 ring of slaying {mikee}.
 19572 | D:15     | 19572 ||| DROPPING +6 ring of dexterity.
 19573 | D:15     | 19573 ||| DRINKING 3 clear potions.
 19736 | Orc:1    | Entered Level 1 of the Orcish Mines
 19737 | Orc:1    | 19737 ||| INVOKING Heroism.
 19744 | Orc:1    | 19744 ||| Stepping ~*~*~tactically~*~*~ (hiding).
 19771 | Orc:1    | Noticed Urug
 19772 | Orc:1    | 19772 ||| INVOKING Finesse.
 19779 | Orc:1    | Killed Urug
 19819 | Orc:1    | 19819 ||| INVOKING Heroism.
 19848 | Orc:1    | 19848 ||| Stepping ~*~*~tactically~*~*~ (stealth).
 19850 | Orc:1    | 19850 ||| Stepping ~*~*~tactically~*~*~ (hiding).
 19857 | Orc:1    | 19857 ||| Stepping ~*~*~tactically~*~*~ (stealth).
 19860 | Orc:1    | 19860 ||| Stepping ~*~*~tactically~*~*~ (stealth).
 19862 | Orc:1    | 19862 ||| Stepping ~*~*~tactically~*~*~ (hiding).
 19987 | Orc:1    | Found Nerhuf's Magic Scroll Shop.
 19998 | Orc:1    | 19998 ||| BUYING scroll of enchant weapon (105 gold).
 19998 | Orc:1    | Bought a scroll of enchant weapon for 105 gold pieces
 19998 | Orc:1    | 19998 ||| BUYING scroll of identify (28 gold).
 19998 | Orc:1    | Bought a scroll of identify for 28 gold pieces
 19998 | Orc:1    | 19998 ||| BUYING scroll of teleportation (42 gold).
 19998 | Orc:1    | Bought a scroll of teleportation for 42 gold pieces
 20204 | Orc:2    | Entered Level 2 of the Orcish Mines
 20207 | Orc:2    | 20207 ||| INVOKING Heroism.
 20219 | Orc:2    | 20219 ||| Stepping ~*~*~tactically~*~*~ (outnumbered).
 20222 | Orc:2    | 20222 ||| Stepping ~*~*~tactically~*~*~ (outnumbered).
 20227 | Orc:2    | 20227 ||| Stepping ~*~*~tactically~*~*~ (outnumbered).
 20229 | Orc:2    | 20229 ||| Stepping ~*~*~tactically~*~*~ (outnumbered).
 20258 | Orc:2    | 20258 ||| INVOKING Heroism.
 20273 | Orc:2    | 20273 ||| Stepping ~*~*~tactically~*~*~ (outnumbered).
 20275 | Orc:2    | 20275 ||| Stepping ~*~*~tactically~*~*~ (outnumbered).
 20276 | Orc:2    | 20276 ||| Stepping ~*~*~tactically~*~*~ (outnumbered).
 20278 | Orc:2    | 20278 ||| Stepping ~*~*~tactically~*~*~ (outnumbered).
 20279 | Orc:2    | 20279 ||| Stepping ~*~*~tactically~*~*~ (outnumbered).
 20281 | Orc:2    | 20281 ||| Stepping ~*~*~tactically~*~*~ (outnumbered).
 20283 | Orc:2    | 20283 ||| Stepping ~*~*~tactically~*~*~ (outnumbered).
 20286 | Orc:2    | 20286 ||| INVOKING Heroism.
 20290 | Orc:2    | 20290 ||| Stepping ~*~*~tactically~*~*~ (outnumbered).
 20293 | Orc:2    | 20293 ||| Stepping ~*~*~tactically~*~*~ (outnumbered).
 20295 | Orc:2    | 20295 ||| Stepping ~*~*~tactically~*~*~ (outnumbered).
 20305 | Orc:2    | Paralysed by an ogre mage for 3 turns
 20323 | Orc:2    | 20323 ||| Stepping ~*~*~tactically~*~*~ (outnumbered).
 20324 | Orc:2    | 20324 ||| Stepping ~*~*~tactically~*~*~ (outnumbered).
 20326 | Orc:2    | 20326 ||| Stepping ~*~*~tactically~*~*~ (outnumbered).
 20327 | Orc:2    | 20327 ||| Stepping ~*~*~tactically~*~*~ (outnumbered).
 20328 | Orc:2    | 20328 ||| Stepping ~*~*~tactically~*~*~ (outnumbered).
 20428 | Orc:2    | 20428 ||| INVOKING Heroism.
 20442 | Orc:2    | 20442 ||| Stepping ~*~*~tactically~*~*~ (outnumbered).
 20443 | Orc:2    | 20443 ||| Stepping ~*~*~tactically~*~*~ (outnumbered).
 20445 | Orc:2    | 20445 ||| Stepping ~*~*~tactically~*~*~ (outnumbered).
 20446 | Orc:2    | 20446 ||| Stepping ~*~*~tactically~*~*~ (outnumbered).
 20447 | Orc:2    | 20447 ||| Stepping ~*~*~tactically~*~*~ (outnumbered).
 20449 | Orc:2    | 20449 ||| Stepping ~*~*~tactically~*~*~ (outnumbered).
 20450 | Orc:2    | 20450 ||| Stepping ~*~*~tactically~*~*~ (outnumbered).
 20454 | Orc:2    | 20454 ||| Stepping ~*~*~tactically~*~*~ (outnumbered).
 20455 | Orc:2    | 20455 ||| Stepping ~*~*~tactically~*~*~ (outnumbered).
 20456 | Orc:2    | 20456 ||| Stepping ~*~*~tactically~*~*~ (outnumbered).
 20458 | Orc:2    | 20458 ||| Stepping ~*~*~tactically~*~*~ (outnumbered).
 20459 | Orc:2    | 20459 ||| Stepping ~*~*~tactically~*~*~ (outnumbered).
 20460 | Orc:2    | 20460 ||| Stepping ~*~*~tactically~*~*~ (outnumbered).
 20462 | Orc:2    | 20462 ||| Stepping ~*~*~tactically~*~*~ (outnumbered).
 20464 | Orc:2    | 20464 ||| Stepping ~*~*~tactically~*~*~ (outnumbered).
 20535 | Orc:2    | 20535 ||| Stepping ~*~*~tactically~*~*~ (stealth).
 20544 | Orc:2    | Reached ****** piety under Okawaru
 20574 | Orc:2    | Received a gift from Okawaru
 20699 | Orc:2    | Found Voaru's Magic Scroll Shoppe.
 20699 | Orc:2    | Found Zudeot's Distillery.
 20700 | Orc:2    | Found Fozew's Magic Scroll Shop.
 20700 | Orc:2    | Found Pissitis's Distillery.
 20707 | Orc:2    | 20707 ||| BUYING scroll of identify (24 gold).
 20707 | Orc:2    | Bought a scroll of identify for 24 gold pieces
 20708 | Orc:2    | 20708 ||| BUYING scroll of enchant weapon (97 gold).
 20708 | Orc:2    | Bought a scroll of enchant weapon for 97 gold pieces
 20708 | Orc:2    | 20708 ||| BUYING scroll of enchant weapon (97 gold).
 20708 | Orc:2    | Bought a scroll of enchant weapon for 97 gold pieces
 20708 | Orc:2    | 20708 ||| BUYING scroll of identify (26 gold).
 20708 | Orc:2    | Bought a scroll of identify for 26 gold pieces
 20708 | Orc:2    | 20708 ||| BUYING scroll of identify (26 gold).
 20708 | Orc:2    | Bought a scroll of identify for 26 gold pieces
 20709 | Orc:2    | 20709 ||| BUYING potion of haste (130 gold).
 20709 | Orc:2    | Bought a potion of haste for 130 gold pieces
 20709 | Orc:2    | 20709 ||| BUYING potion of mutation (104 gold).
 20709 | Orc:2    | Bought a potion of mutation for 104 gold pieces
 20710 | Orc:2    | 20710 ||| BUYING potion of cancellation (112 gold).
 20710 | Orc:2    | Bought a potion of cancellation for 112 gold pieces
 20710 | Orc:2    | 20710 ||| BUYING potion of curing (42 gold).
 20710 | Orc:2    | Bought a potion of curing for 42 gold pieces
 20710 | Orc:2    | 20710 ||| BUYING potion of curing (42 gold).
 20710 | Orc:2    | Bought a potion of curing for 42 gold pieces
 20710 | Orc:2    | 20710 ||| BUYING potion of haste (140 gold).
 20710 | Orc:2    | Bought a potion of haste for 140 gold pieces
 20710 | Orc:2    | 20710 ||| BUYING potion of haste (140 gold).
 20710 | Orc:2    | Bought a potion of haste for 140 gold pieces
 20710 | Orc:2    | 20710 ||| BUYING potion of mutation (112 gold).
 20710 | Orc:2    | Bought a potion of mutation for 112 gold pieces
 20847 | Orc:2    | Found a staircase to the Elven Halls.
 20990 | Orc:1    | 20990 ||| Stepping ~*~*~tactically~*~*~ (hiding).
 20992 | Orc:1    | 20992 ||| Stepping ~*~*~tactically~*~*~ (hiding).
 20993 | Orc:1    | 20993 ||| Stepping ~*~*~tactically~*~*~ (hiding).
 20997 | Orc:1    | 20997 ||| INVOKING Heroism.
 21000 | Orc:1    | Reached skill level 12 in Shields
 21197 | Orc:1    | 21197 ||| PLANNING SHOALS:1-3
 21393 | Shoals:1 | Entered Level 1 of the Shoals
 21447 | Shoals:1 | 21447 ||| INVOKING Heroism.
 21448 | Shoals:1 | Noticed Josephine
 21450 | Shoals:1 | 21450 ||| Stepping ~*~*~tactically~*~*~ (outnumbered).
 21451 | Shoals:1 | 21451 ||| Stepping ~*~*~tactically~*~*~ (outnumbered).
 21452 | Shoals:1 | 21452 ||| Stepping ~*~*~tactically~*~*~ (outnumbered).
 21453 | Shoals:1 | 21453 ||| Stepping ~*~*~tactically~*~*~ (outnumbered).
 21454 | Shoals:1 | 21454 ||| Stepping ~*~*~tactically~*~*~ (outnumbered).
 21460 | Shoals:1 | 21460 ||| Stepping ~*~*~tactically~*~*~ (outnumbered).
 21469 | Shoals:1 | Killed Josephine
 21564 | Shoals:1 | 21564 ||| Stepping ~*~*~tactically~*~*~ (stealth).
 21593 | Shoals:1 | 21593 ||| INVOKING Heroism.
 21708 | Shoals:1 | 21708 ||| READING 2 scrolls of teleportation.
 21709 | Shoals:1 | 21709 ||| Waiting to end mesmerise (stuck).
 21710 | Shoals:1 | 21710 ||| Waiting to end mesmerise (stuck).
 21743 | Shoals:1 | Found the +4 moon troll leather armour {Spirit, Regen++
                  | MP+5}
 21773 | Shoals:1 | 21773 ||| INVOKING Heroism.
 21774 | Shoals:1 | 21774 ||| INVOKING Finesse.
 21916 | Shoals:1 | 21916 ||| Stepping ~*~*~tactically~*~*~ (stealth).
 21917 | Shoals:1 | 21917 ||| Stepping ~*~*~tactically~*~*~ (stealth).
 22043 | Shoals:2 | Reached XP level 16. HP: 152/152 MP: 22/22
 22063 | Shoals:2 | Found Kufurph's Distillery.
 22105 | Shoals:2 | 22105 ||| BUYING 2 potions of resistance (320 gold).
 22105 | Shoals:2 | Bought 2 potions of resistance for 320 gold pieces
 22105 | Shoals:2 | 22105 ||| BUYING potion of cancellation (128 gold).
 22105 | Shoals:2 | Bought a potion of cancellation for 128 gold pieces
 22105 | Shoals:2 | 22105 ||| BUYING potion of curing (48 gold).
 22105 | Shoals:2 | Bought a potion of curing for 48 gold pieces
 22105 | Shoals:2 | 22105 ||| BUYING potion of might (64 gold).
 22105 | Shoals:2 | Bought a potion of might for 64 gold pieces
 22105 | Shoals:2 | 22105 ||| BUYING potion of mutation (128 gold).
 22105 | Shoals:2 | Bought a potion of mutation for 128 gold pieces
 22116 | Shoals:2 | 22116 ||| INVOKING Heroism.
 22137 | Shoals:2 | 22137 ||| Stepping ~*~*~tactically~*~*~ (outnumbered).
 22164 | Shoals:2 | 22164 ||| INVOKING Heroism.
 22170 | Shoals:2 | Received a gift from Okawaru
 22174 | Shoals:2 | 22174 ||| Stepping ~*~*~tactically~*~*~ (outnumbered).
 22175 | Shoals:2 | 22175 ||| Stepping ~*~*~tactically~*~*~ (outnumbered).
 22176 | Shoals:2 | 22176 ||| Stepping ~*~*~tactically~*~*~ (outnumbered).
 22177 | Shoals:2 | 22177 ||| Stepping ~*~*~tactically~*~*~ (outnumbered).
 22179 | Shoals:2 | 22179 ||| Stepping ~*~*~tactically~*~*~ (outnumbered).
 22190 | Shoals:2 | 22190 ||| Stepping ~*~*~tactically~*~*~ (outnumbered).
 22201 | Shoals:2 | HP: 38/152 [merfolk/+0 trident (8)]
 22202 | Shoals:2 | 22202 ||| READING scroll of teleportation.
 22203 | Shoals:2 | 22203 ||| DRINKING 4 potions of heal wounds.
 22478 | Shoals:2 | Noticed Ilsuiw
 22479 | Shoals:2 | 22479 ||| INVOKING Heroism.
 22483 | Shoals:2 | 22483 ||| INVOKING Finesse.
 22499 | Shoals:2 | 22499 ||| INVOKING Heroism.
 22514 | Shoals:2 | Killed Ilsuiw
 22761 | Shoals:3 | 22761 ||| INVOKING Heroism.
 22767 | Shoals:3 | Reached skill level 19 in Unarmed Combat
 22998 | Shoals:3 | Found a transporter.
 23006 | Shoals:3 | Found a transporter.
 23176 | Shoals:3 | 23176 ||| INVOKING Heroism.
 23177 | Shoals:3 | 23177 ||| INVOKING Finesse.
 23377 | Shoals:3 | Noticed Meoqees's ghost (adept MiFi)
 23398 | Shoals:3 | 23398 ||| INVOKING Heroism.
 23556 | Shoals:3 | 23556 ||| PLANNING SNAKE:1-3
 23673 | Snake:1  | Entered Level 1 of the Snake Pit
 23791 | Snake:1  | 23791 ||| Stepping ~*~*~tactically~*~*~ (stealth).
 23801 | Snake:1  | Noticed Aizul
 23802 | Snake:1  | 23802 ||| Stepping ~*~*~tactically~*~*~ (hiding).
 23804 | Snake:1  | 23804 ||| INVOKING Heroism.
 23805 | Snake:1  | 23805 ||| INVOKING Finesse.
 23815 | Snake:1  | Killed Aizul
 23816 | Snake:1  | Reached skill level 9 in Fighting
 23901 | Snake:1  | 23901 ||| Stepping ~*~*~tactically~*~*~ (hiding).
 23913 | Snake:1  | 23913 ||| Stepping ~*~*~tactically~*~*~ (hiding).
 23919 | Snake:1  | 23919 ||| INVOKING Heroism.
 23922 | Snake:1  | 23922 ||| Stepping ~*~*~tactically~*~*~ (outnumbered).
 23933 | Snake:1  | 23933 ||| Stepping ~*~*~tactically~*~*~ (outnumbered).
 23935 | Snake:1  | 23935 ||| Stepping ~*~*~tactically~*~*~ (outnumbered).
 23963 | Snake:1  | Received a gift from Okawaru
 24006 | Snake:1  | 24006 ||| INVOKING Heroism.
 24136 | Snake:1  | 24136 ||| Stepping ~*~*~tactically~*~*~ (hiding).
 24138 | Snake:1  | 24138 ||| Stepping ~*~*~tactically~*~*~ (hiding).
 24146 | Snake:1  | 24146 ||| Stepping ~*~*~tactically~*~*~ (hiding).
 24149 | Snake:1  | 24149 ||| INVOKING Heroism.
 24153 | Snake:1  | 24153 ||| Stepping ~*~*~tactically~*~*~ (hiding).
 24165 | Snake:1  | 24165 ||| Stepping ~*~*~tactically~*~*~ (outnumbered).
 24959 | Snake:2  | 24959 ||| FLEEEEING.
 24960 | Snake:2  | 24960 ||| STAIRDANCE
 24989 | Snake:2  | 24989 ||| Stepping ~*~*~tactically~*~*~ (hiding).
 25133 | Snake:2  | 25133 ||| Stepping ~*~*~tactically~*~*~ (hiding).
 25154 | Snake:2  | Reached skill level 9 in Armour
 25175 | Snake:2  | 25175 ||| INVOKING Heroism.
 25177 | Snake:2  | 25177 ||| Stepping ~*~*~tactically~*~*~ (hiding).
 25179 | Snake:2  | 25179 ||| Stepping ~*~*~tactically~*~*~ (outnumbered).
 25185 | Snake:2  | Received a gift from Okawaru
 25188 | Snake:2  | 25188 ||| Stepping ~*~*~tactically~*~*~ (stealth).
 25215 | Snake:2  | 25215 ||| INVOKING Heroism.
 25216 | Snake:2  | 25216 ||| Stepping ~*~*~tactically~*~*~ (hiding).
 25237 | Snake:2  | Noticed Azrael
 25238 | Snake:2  | 25238 ||| INVOKING Finesse.
 25252 | Snake:2  | Killed Azrael
 25255 | Snake:2  | 25255 ||| Stepping ~*~*~tactically~*~*~ (stealth).
 25286 | Snake:2  | Noticed Vashnia
 25287 | Snake:2  | 25287 ||| Stepping ~*~*~tactically~*~*~ (hiding).
 25290 | Snake:2  | 25290 ||| INVOKING Heroism.
 25292 | Snake:2  | 25292 ||| Stepping ~*~*~tactically~*~*~ (outnumbered).
 25294 | Snake:2  | 25294 ||| Stepping ~*~*~tactically~*~*~ (outnumbered).
 25307 | Snake:2  | 25307 ||| INVOKING Finesse.
 25318 | Snake:2  | Killed Vashnia
 25326 | Snake:2  | 25326 ||| Stepping ~*~*~tactically~*~*~ (hiding).
 25368 | Snake:2  | 25368 ||| Stepping ~*~*~tactically~*~*~ (hiding).
 25369 | Snake:2  | 25369 ||| INVOKING Heroism.
 25370 | Snake:2  | 25370 ||| Stepping ~*~*~tactically~*~*~ (outnumbered).
 25371 | Snake:2  | 25371 ||| Stepping ~*~*~tactically~*~*~ (hiding).
 25373 | Snake:2  | 25373 ||| Stepping ~*~*~tactically~*~*~ (outnumbered).
 25377 | Snake:2  | 25377 ||| Stepping ~*~*~tactically~*~*~ (outnumbered).
 25441 | Snake:2  | 25441 ||| Stepping ~*~*~tactically~*~*~ (hiding).
 25448 | Snake:2  | 25448 ||| Stepping ~*~*~tactically~*~*~ (hiding).
 25472 | Snake:2  | Reached XP level 17. HP: 147/162 MP: 23/23
 25522 | Snake:2  | Noticed Agnes
 25523 | Snake:2  | 25523 ||| INVOKING Heroism.
 25524 | Snake:2  | 25524 ||| INVOKING Finesse.
 25533 | Snake:2  | Killed Agnes
 25539 | Snake:2  | 25539 ||| Stepping ~*~*~tactically~*~*~ (hiding).
 25547 | Snake:2  | 25547 ||| Stepping ~*~*~tactically~*~*~ (hiding).
 25567 | Snake:2  | Reached skill level 20 in Unarmed Combat
 25597 | Snake:2  | Noticed Kirke
 25598 | Snake:2  | 25598 ||| INVOKING Heroism.
 25606 | Snake:2  | 25606 ||| DRINKING 2 potions of cancellation.
 25609 | Snake:2  | Killed Kirke
 25627 | Snake:2  | 25627 ||| Stepping ~*~*~tactically~*~*~ (hiding).
 25801 | Snake:2  | 25801 ||| INVOKING Heroism.
 26013 | Snake:2  | 26013 ||| DROPPING scarf of invisibility.
 26050 | Snake:3  | 26050 ||| Stepping ~*~*~tactically~*~*~ (hiding).
 26053 | Snake:3  | 26053 ||| INVOKING Heroism.
 26054 | Snake:3  | 26054 ||| Stepping ~*~*~tactically~*~*~ (outnumbered).
 26055 | Snake:3  | 26055 ||| Stepping ~*~*~tactically~*~*~ (outnumbered).
 26113 | Snake:3  | Found Seugeusm's Jewellery Boutique.
 26116 | Snake:3  | 26116 ||| Stepping ~*~*~tactically~*~*~ (hiding).
 26124 | Snake:3  | 26124 ||| INVOKING Heroism.
 26130 | Snake:3  | Reached skill level 9 in Throwing
 26140 | Snake:3  | 26140 ||| BUYING amulet of the acrobat (390 gold).
 26140 | Snake:3  | Bought an amulet of the acrobat for 390 gold pieces
 26140 | Snake:3  | 26140 ||| SHOPLISTING ring of Boefury {Fire Str+7 Dex+3}
                  | (689 gold, have 95).
 26140 | Snake:3  | 26140 ||| SHOPLISTING ring of poison resistance (260 gold,
                  | have 95).
 26140 | Snake:3  | 26140 ||| SHOPLISTING ring of the Skies Above {Fire *Slow
                  | rPois Str+4 Slay+2} (616 gold, have 95).
 26160 | Snake:3  | 26160 ||| Stepping ~*~*~tactically~*~*~ (hiding).
 26161 | Snake:3  | 26161 ||| INVOKING Heroism.
 26185 | Snake:3  | 26185 ||| Stepping ~*~*~tactically~*~*~ (outnumbered).
 26198 | Snake:3  | HP: 38/162 [salamander/+0 halberd (7)]
 26199 | Snake:3  | 26199 ||| READING 5 scrolls of teleportation.
 26199 | Snake:3  | Slain by a salamander

Levels and vault maps discovered:
D:1:      spicycebolla_green_bress_n_ham_2, layout_loops_ring,
          hellmonk_ecumenical_altar_dog_temple, serial_forest,
          infiniplex_forest_lined_corner, infiniplex_forest_clump_large,
          infiniplex_forest_straight_4, infiniplex_forest_corner_1,
          infiniplex_forest_lined_2, infiniplex_forest_straight_2,
          infiniplex_forest_lined_2, infiniplex_forest_zigzag_1,
          minmay_crystal_water
D:2:      layout_basic, st_stairs_6
D:3:      layout_loops_ring, marbit_many_paths, ebering_ghost_rock_garden,
          hangedman_decor_diamond_cutter
D:4:      layout_loops_ring, tso_altar, mainiacjoe_overflow_small_starburst,
          yredelemnul_altar_generic, serial_shops, nicolae_shop_stone,
          minmay_fountain_box
D:5:      layout_basic
D:6:      layout_rooms, nicolae_ru_sacrificial_ziggurat, uniq_eustachio
D:7:      layout_gridville, nicolae_gozag_seed_capital,
          minmay_temple_entry_trees, gammafunk_ghost_cemetery,
          amcnicky_mini_pool_medium, uniq_duvessa
D:8:      layout_gridville, dancing_weapons_uskayaw,
          mainiacjoe_overflow_24_doors, okawaru_humans
D:9:      layout_basic, orc_0_dummy, uniq_prince_ribbit1, uniq_maurice
D:10:     layout_loops_corners, cheibrodos_ashenzari_chains,
          lemuel_coloured_pillars_altar, slow_altar_2
D:11:     layout_irregular_city, erik_lair_island
D:12:     layout_irregular_city, maelrawn_ghost_gauntlet_escape, minivault_16,
          fiery_altar_vehumet, uniq_snorg
D:13:     layout_roguey, minmay_holes
D:14:     layout_layer_cave, david_vaults_4, basic_altar
D:15:     grunt_enter_depths_snipers, layout_rooms
Lair:1:   layout_cave_pods, chequers_serial_rivers_micro_b, serial_bayou_shore_a
Lair:2:   layout_chaotic_city, guppyfry_snake_entry_garden, uniq_sonja
Lair:3:   layout_regular_city, minmay_shoals_entry_beasts, enter_volcano_2,
          kennysheep_snail_temple
Lair:4:   layout_small_grid
Lair:5:   hellmonk_lair_end_abyssal_woods, layout_gridlike, slime_entry_1,
          grunt_megastairs_4, serial_bayou_shore_b, uniq_nessos
Shoals:1: layout_shoals, st_sunken_temple, uniq_josephine
Shoals:2: cheibrodos_shoals_three_sisters, layout_shoals, serial_shops, shop,
          uniq_ilsuiw
Shoals:3: layout_shoals, gammafunk_ghost_berserking_beasts
Snake:1:  layout_chambers, nicolae_snake_shapes, uniq_aizul
Snake:2:  nicolae_snakescales, layout_basic, drop_trap, uniq_azrael, uniq_kirke,
          uniq_agnes, uniq_vashnia
Snake:3:  layout_grid_maze, serial_shops, shop_fountains
Orc:1:    layout_diamond_mine, serial_shops, shop, uniq_urug
Orc:2:    st_orc_ogre_mass, layout_caves

Skill      XL: |  1  2  3  4  5  6  7  8  9 10 11 12 13 14 15 16 17 |
---------------+----------------------------------------------------+-----
Unarmed Combat | 4 5 6 8 9 10 13 14 16 17 18 19 20 | 20.0
Dodging        | 1 2 3 |  3.4
Fighting       | 3 4 5 6 7 8 9 |  9.0
Throwing       | 1 2 5 8 9 |  9.0
Armour         | 1 3 7 8 9 |  9.0
Invocations    | 2 5 9 10 | 10.0
Shields        | 9 12 13 | 13.0
Spellcasting   | |  1.0
Fire Magic     | |  2.1

Action                   |  1- 3 |  4- 6 |  7- 9 | 10-12 | 13-15 | 16-18 || total
-------------------------+-------+-------+-------+-------+-------+-------++-------
Melee: Unarmed           |   131 |    99 |   217 |   512 |   819 |   546 ||  2324
       Punch             |       |     3 |    14 |    52 |    40 |       ||   109
Throw: Boomerang         |       |       |    62 |    82 |       |       ||   144
       Javelin           |       |       |       |       |    59 |       ||    59
       Large rock        |       |       |       |       |    90 |    17 ||   107
Invok: Fiery Armour      |       |     1 |     5 |     6 |       |       ||    12
       Heroism           |       |       |       |    20 |    38 |    21 ||    79
       Finesse           |       |       |       |       |     9 |     6 ||    15
  Use: Scroll            |     2 |     6 |    11 |    10 |     7 |     2 ||    38
       Potion            |     1 |     1 |     1 |     3 |     2 |     2 ||    10
Armor: Robe              |    31 |    31 |    79 |   113 |       |       ||   254
       Gold dragon scale |       |       |       |   205 |   679 |   243 ||  1127
       Troll leather arm |       |       |       |     8 |       |       ||     8
Dodge: Dodged            |    49 |    39 |    92 |   173 |   138 |    58 ||   549
Block: Kite shield       |       |       |       |       |   364 |   295 ||   659

Table legend:
 A = Non-vault XP
 B = Vault XP
 C = Vault XP percentage of total XP
 D = Non-vault monster count
 E = Vault monster count
 F = Vault count percentage of total count
                 A         B        C        D         E       F
            +---------+---------+-------+---------+---------+-------
      Total |  149178 |   85826 |  36.5 |     559 |     197 |  26.1
            +---------+---------+-------+---------+---------+-------
        D:1 |      35 |       8 |  18.6 |      19 |       4 |  17.4
        D:2 |      53 |      15 |  22.1 |      20 |       1 |   4.8
        D:3 |      33 |       2 |   5.7 |       6 |       1 |  14.3
        D:4 |     360 |       0 |   0.0 |      17 |       0 |   0.0
        D:5 |     544 |       0 |   0.0 |      15 |       0 |   0.0
        D:6 |    1035 |     197 |  16.0 |      28 |       1 |   3.4
        D:7 |     873 |     480 |  35.5 |      17 |       5 |  22.7
        D:8 |    1719 |     389 |  18.5 |      26 |       2 |   7.1
        D:9 |    1009 |     717 |  41.5 |      16 |       2 |  11.1
       D:10 |    1523 |       5 |   0.3 |      18 |       1 |   5.3
       D:11 |    5903 |     948 |  13.8 |      35 |       9 |  20.5
       D:12 |    4267 |     965 |  18.4 |      11 |       1 |   8.3
       D:13 |    6574 |       0 |   0.0 |      18 |       0 |   0.0
       D:14 |    7876 |    2191 |  21.8 |      18 |       3 |  14.3
       D:15 |    7054 |    2672 |  27.5 |      14 |       3 |  17.6
     Lair:1 |    3352 |       0 |   0.0 |      15 |       0 |   0.0
     Lair:2 |    5287 |    1102 |  17.2 |      22 |       3 |  12.0
     Lair:3 |    3393 |    2078 |  38.0 |      12 |       5 |  29.4
     Lair:4 |   12027 |    1776 |  12.9 |      31 |       7 |  18.4
     Lair:5 |   10387 |   13976 |  57.4 |      33 |      42 |  56.0
   Shoals:1 |    7321 |    4536 |  38.3 |      15 |       9 |  37.5
   Shoals:2 |    9019 |   11519 |  56.1 |      20 |      17 |  45.9
   Shoals:3 |    7609 |       0 |   0.0 |      17 |       0 |   0.0
    Snake:1 |   11901 |    4932 |  29.3 |      23 |       9 |  28.1
    Snake:2 |   16752 |   17459 |  51.0 |      33 |      29 |  46.8
    Snake:3 |    6192 |       0 |   0.0 |      12 |       0 |   0.0
      Orc:1 |    1986 |     773 |  28.0 |      23 |       1 |   4.2
      Orc:2 |    2492 |   19084 |  88.5 |      10 |      41 |  80.4
    Abyss:2 |   12602 |       2 |   0.0 |      15 |       1 |   6.2
            +---------+---------+-------+---------+---------+-------
